Workbook

Sheet BASEdades
A2: FEINES PRÈVIES -DEMOLICIONS -PALETERIA
A3: CODI BASE DADES | B3: TÍTOL PARTIDA | C3: UT | D3: DESCRIPCIÓ PARTIDA | E3: mides | F3: CODI REFERÈNCIA | G3: PREU sense IVA
A5: pou drenatge | B5: Pou de drenatge | C5: ut | D5: Formació de pou de drenatge per inflitració de l'aigua superficial al terreny de terra d'argila semidura i reblert amb graves de diàmetre 50mm als primers 70cm i una capa superficial d'ull de perdiu. Inclou p/p de replanteig, excavació manual del terreny de terra d'argila semidura, selecció, replé i compactació del terreny contigu i eliminació i neteja del material sobrant. | E5: .mides: 100x100x100cm | F5: . | G5: 270
A6: pou drenatge 3 | B6: Pou de drenatge | C6: ut | D6: Formació de pou de drenatge per inflitració de l'aigua superficial al terreny de terra d'argila semidura i reblert amb graves de diàmetre 50mm als primers 70cm i una capa superficial d'ull de perdiu. Inclou p/p de replanteig, excavació manual del terreny de terra d'argila semidura, selecció, replé i compactació del terreny contigu i eliminació i neteja del material sobrant. | E6: .mides: 300x300x100cm | F6: . | G6: 1500
A7: transport residus | B7: Transport residus | C7: m3 | D7: Transport de residus inerts o no especials a instal·lació autorizada de gestió de residus, amb contenidor de qualsevol mida de capacitat, amb un recorregut complert fins a la instal·lació autoritzada de gestió del residu. Es considera un increment de 30% de l'amidament en concepte d'esponjament. | E7: . | F7: . | G7: 18.54
A9: deposició residus | B9: Deposició en dipòsit autoritzat | C9: m3 | D9: Deposició controlada en dipòsit autoritzat inclòs el cànon sobre la deposició controlada dels residus de la construcció, segons la LLEI 8/2008, de residus barrejats no perillosos, procedents de construcció o demolició. Es considera un increment de 30% de l'amidament en concepte d'esponjament. | E9: . | F9: . | G9: 20.64
A10: DEMOLICIONS I TALLS
A11: Tall de paviment | B11: Tall de paviment | C11: m | D11: Execució de tall en paviment de qualsevol tipus, de 10cm de fondària com a mínim, amb màquina tallajunts amb disc de diamant per a paviment, per a delimitar la zona a demolir, i càrrega manual sobre camió o contenidor | E11: . | F11: . | G11: 5.7 | H11: canvi descripcio | I11: 5,02(10cm) 5,70(15cm) itec
A12: demolició pista | B12: Demolició de paviment formigó | C12: m2 | D12: Demolició de paviment exterior de formigó armat, mitjançant retroexcavadora amb martell picador. No inclou la demolició de la base suport. Càrrega manual o mecànica de runa sobre camió o contenedor | E12: . | F12: . | G12: 15
A13: demolició solera formigó | B13: Demolició de solera de formigó | C13: m2 | D13: Demolició de solera de formigó en massa de fins a 15cm, mitjançant retroexcavadora amb martell picador. El preu inclou el picat i estesa del material per ser utilitzat com a grava de drenatge. | E13: . | F13: . | G13: 15
A14: demolició base asfalt | B14: Demolició de paviment d'aglomerat asfàltic | C14: m2 | D14: Demolició de paviment d'aglomerat asfàltic amb martell pneumàtic, i càrrega manual sobre camió o contenidor. Tall previ del contorn de zona a demolir. Demolició de l'element. Fragmentació dels enderrocs en peces manejables. Retirada i arreplegat d'enderrocs. Neteja de les restes de l'obra. Càrrega manual d'enderrocs sobre camió o contenidor. No inclou tall ni enderroc de solera de formigó. | E14: . | F14: . | G14: 11.45 | H14: INCLOU TALL i base de forimgó? | I14: 11,45€ generdador de preus CYPE | L14: Demolició de paviment d'aglomerat asfàltic de 15 cm de gruix mitjà, amb martell pneumàtic, i càrrega manual sobre camió o contenidor.
A15: demolició paviment de rajoles cautxú | B15: Demolició de paviment exterior de rajoles de cautxú | C15: m2 | D15: Demolició de paviment exterior de rajoles de cautxú, amb mitjans manuals, i càrrega manual sobre camió o contenidor. El preu no inclou la demolició de la base suport. | E15: . | F15: . | G15: 10.88
A16: demolició paviment continu de cautxú | B16: Demolició de paviment exterior continu de cautxú | C16: m2 | D16: Arrencada i demolició de paviment exterior continu de cautxú, amb mitjans manuals, i càrrega manual sobre camió o contenidor. El preu no inclou la demolició de la base suport. | E16: . | F16: . | G16: 10.88 | H16: generdador de preus CYPE
A17: demolició vorada | B17: Demolició de graó de formigó | C17: m | D17: Demolició de graó de formigó, inclús la seva base, amb compressor i càrrega manual i mecànica de runa sobre camió o conenidor. Inclou l'enderroc d'estesa i alçada de graó de les mides existents. | E17: .mides 15x25x100cm | G17: 7.62 | H17: preu del catalunya
A18: demolició bloc de formigó | B18: Demolició de mur de bloc de formigó | C18: m2 | D18: Demolició de fàbrica vista, formada per bloc de formigó de 20 cm d'espessor, amb mitjans manuals, sense afectar a l'estabilitat dels elements constructius contigus, i càrrega manual sobre camió o contenidor. | E18: . | G18: 12.3 | H18: preu del catalunya
A19: demolició mur de formigó armat | B19: Demolició de mur de formigó armat | C19: m2 | D19: Demolició de mur de formigó armat, amb mitjans manuals, martell pneumàtic i equip de oxitall, i càrrega manual sobre camió o contenidor. | E19: . | G19: 235.15 | H19: preu del catalunya
A20: tall de mur de formigó armat | B20: Tall de mur de formigó armat | C20: m | D20: Tall en humit de llosa massissa de formigó armat, amb serra amb disc diamantat, i càrrega manual sobre camió o contenidor. | E20: . | G20: 102
A21: demolició sabata formigó armat | B21: Demolició de fonamentació de formigó | C21: m3 | D21: Demolició de fonamentació de formigó en massa, per a elements de mobiliari urbà, amb mitjans manuals, martell pneumàtic i càrrega manual sobre camió o contenidor. | E21: . | G21: 243.76 | I21: 43.72 | J21: preu generador preus
A22: REBAIX TERRENY
A23: rebaix de terreny | B23: Rebaix de terreny | C23: m3 | D23: Excavació a cel obert, en terra d'argila semidura, amb mitjans mecànics i càrrega a camió. El preu no inclou el transport dels materials excavats. | E23: . | F23: . | G23: 49
A24: rebaix fonaments i pous | B24: Rebaix per a fonaments i pous | C24: m3 | D24: Excavació a cel obert, en terra d'argila semidura, amb mitjans mecànics i càrrega a camió. El preu no inclou el transport dels materials excavats. Excavació de rases per a fonaments o pous, en terreny existent, amb mitjans mecànics adients, i càrrega sobre camió o contenidor. | E24: . | F24: . | G24: 33.63 | H24: generador preus 33,63€
A25: neteja terreny | B25: Esbrossada i neteja del terreny | C25: m2 | D25: Esbrossada i neteja del terreny de topografia amb desnivells mínims, amb mitjans mecànics. Comprèn els treballs necessaris per retirar de les zones previstes per a l'edificació o urbanització: arbres, petites plantes, mala herba, brossa, fustes caigudes, runes, escombraries o qualsevol altre material existent: i càrrega a camió. | E25: . | F25: . | G25: 1.21
A26: PALETERIA I SABATES
A27: sabata formigó | B27: Sabata de formigó de 50x50x50 | C27: ut | D27: Formació de sabata de 50x50x50 de formigó HM-20/B/20/X0 fabricat in situ. Inclou excavació en terra d'argila semidura amb mitjans mecànics. | E27: . | F27: . | G27: 289
A28: fonament formigó | B28: Fonament de formigó HA-25 | C28: m3 | D28: Fonament de formigÃ³ armat HA-25/B/20/IIa abocat des de camiÃ³ o qualsevol altre mitjÃ alternatiu, amb armadura de fonament i esperes de murs que arrenquen del fonament amb barres tipus AP500 S de lÃ­mit elÃ stic > = 500 N / mm2 d'acer en barres corrugades, amb una quantia de fins a 45 kg/mÂ³ (comprovada i validada per el contractista) i encofrat si Ã©s necessari per la tipologia del terreny amb tauler de fusta o qualsevol altre sistema. S'inclouen tots els elements necessaris per a la realització del fonament: formigó, acer, encofrat, perforacions, connectors i qualsevol altre element o treball auxiliar necessari per a la seva execució. | E28: . | F28: . | G28: 265
A29: mostreig | B29: Mostreig | C29: ut | D29: Mostreig, realització de con d'Abrams, elaboració de les provetes, cura, recapçament i assaig a compressió d'una sèrie de cinc provetes cilíndriques de 15x30 cm, segons la norma UNE-EN 12390-1, UNE-EN 12390-2, UNE-EN 12390-3, UNE-EN 12350-1 i UNE-EN 12350-2 | E29: . | F29: . | G29: 135.39
A30: paleteria | B30: Ajudes de paleta | C30: h | D30: Jornada d'ajudes de paleta. Oficial i peò. | E30: . | F30: . | G30: 57.72
A31: vorada prefabricada | B31: Vorada prefabricada de formigó | C31: m | D31: Subministrament i col.locació de vorada - Recta - MC - A1 (20x14) - B- H - S(R-3,5) - UNE-EN 1340, col·locat sobre base de formigó en massa (HM-20/P/20/X0) de 20 cm d'espessor i rejuntat amb morter de ciment, industrial, M-5. | E31: .Mides de la peça: 20x14x50cm | F31: . | G31: 34.49
A32: mur pedra | B32: Mur de pedra | C32: m3 | D32: Execució de mur de maçoneria ordinària a dues cares vistes, amb pedres de maçoneria irregulars en bast, de pedra calcària, amb les seves cares sense obrar, col·locats amb morter de calç industrial, color Natural, M-15, subministrat en sacs i rebliment dels junts amb morter fi, en murs d'espessor variable, fins a 50 cm. | E32: . | F32: . | G32: 791.4
A33: mur obra | B33: Mur d'obra | C33: m2 | D33: Execució de mur continu, altura variada, de fàbrica de maó ceràmic buit (H-16), per revestir, 24x19x14 cm, amb junts horitzontals i verticals de 10 mm d'espessor, rebuda amb morter de ciment industrial, color gris, M-5, subministrat a granel. El preu no inclou el revestiment. | E33: . | F33: . | G33: 33.22
A34: mur formigó armat | B34: Mur de formigó armat | C34: m3 | D34: Mur de formigó armat 2C, de fins a 3 m d'altura, gruix 30 cm, superfície plana, realitzat amb formigó HA-25/F/20/XC2 fabricat en central, i abocament amb cubilot, i acer UNE-EN 10080 B 500 S, amb una quantia aproximada de 50 kg/m³, executat en condicions complexes; muntatge i desmuntatge de sistema d'encofrat amb acabat vist amb textura llisa, realitzat amb tauler contraxapat fenòlic amb bastidor metàl·lic, amortitzable en 20 usos. Inclús filferro de lligar, separadors, passamurs per a pas dels tensors i líquid desencofrant, per evitar l'adherència del formigó a l'encofrat. | E34: .Cada metre lineal es conta com a 1 metre quadrat mínim. | F34: . | G34: =501.1*1.5 -> 751.65 | H34: generador de preus 501,1
A35: mur bloc vist | B35: Mur de bloc cares vistes | C35: m2 | D35: Muret de bloc de dues cares vistes, de 20 cm de gruix, de bloc de morter de ciment foradat, de 400x200x200 mm, de dues cares vistes, llis, gris, amb components hidrofugants, categoria I segons norma UNE-EN 771-3, col·locat amb morter de ciment pòrtland amb filler calcari, de dosificació 1:0,5:4 (10 N/mm2) massissat a les primeres filades soterrades y a tota alçada en un bloc sencer cada 120cm, amb formigó HA-25/P/20/I, col·locat manualment i armat amb acer en barres corrugades elaborat a l'obra B500S de límit elàstic >= 500 N/mm2 per a l'armadura de parets de blocs de morter de ciment, 1Ø12 vertical a cada forat de bloc en les zones massissades i peça de remat en forma de ´´U´´ amb cercol de formigó armat amb 4Ø8 i estreps Ø6c/30 cm. Inclou peces especials d… | E35: . | F35: . | G35: 77 | H35: PREU CORAL
A36: mur bloc | B36: Mur de bloc a una cara vista | C36: m2 | D36: Mur de contenció de terres de 20 cm d'espessor de fàbrica, de bloc de formigó tipus "H", de càrrega, per anar vist, color gris, 50x20x20 cm, categoria I, resistència normalitzada R10 (10 N/mm²), amb els junts verticals encadellats en sec i els junts horitzontals amb morter de ciment industrial, color gris, M-7,5, subministrat a granel, amb blocs de cantonada, reforçat amb formigó de replè, HA-25/B/12/XC2, preparat en obra, abocament amb mitjans manuals, i armadura d'acer UNE-EN 10080 B 400 S, amb una quantia aproximada de 20 kg/m². Inclús tubs de PVC per drenatge i filferro de lligar. | E36: . | F36: . | G36: 77 | H36: PREU CORAL
A37: capa morter | B37: Capa de morter de ciments | C37: m2 | D37: Capa de morter de ciment, tipus CR CSIV W2, segons UNE-EN 998-1, color blanc, de 10 mm d'espessor, reglejat, amb acabat remolinat, aplicat manualment, sobre parament exterior de fàbrica de maó o bloc de formigó, vertical. Inclús rivets de PVC, per a formació de juntes i malla de fibra de vidre antiàlcalis en els canvis de material i en els fronts de forjat, per evitar fissures. El preu inclou la protecció dels elements de l'entorn que puguin veure's afectats durant els treballs i la resolució de punts singulars. | E37: . | F37: . | G37: 32 | H37: PREU CORAL
A38: solera raspatllat | B38: Solera de formigó amb acabat raspatllat | C38: m2 | D38: Paviment de formigó amb fibres de polipropilè monofilamentoses, amb aditiu, per a paviment continu i rampes, de 15 cm de gruix, tipus HAF-30/F/12/IIa+E, amb fibres sintètiques amb una quantia de 600 gr/m³, abocat des de camió o qualsevol altre mitjà alternatiu, mestrejat i acabat amb regle vibrat i posterior raspatllat per deixar la textura indicada per la DF. Inclou armadura interior tipus AP500SD amb malla electrosoldada ME 15x15 cm D:6-6 mm B500SD UNE-EN 10080 | E38: . | F38: . | G38: 35.12
A39: graó | B39: Construcció graó | C39: m2 | D39: Esglaó de 30x17 de mides aproximades, format per peça de vorada recta de formigó, monocapa, amb secció de 20x10cm amb una cantonada axamfranada, col·locat acom a alçada i estesa amb panot de 3x3 pastilles, flor o ratllat de color gris de 20x40x4cm col·locat a truc de maceta amb morter mix. | E39: . | F39: . | G39: 62.81 | H39: PREU CORAL
A40: perfilat terreny | B40: Perfilat manual de terreny | C40: m2 | D40: Perfilat i repassada de parets i fons de caixa de paviment, en qualsevol tipus de terreny excepte en roca, amb mitjans manuals, fins a aconseguir un acabat geomètric. | E40: . | F40: . | G40: =7.8*1.5 -> 11.7 | J40: cype 7,8
A41: reblert | B41: Reomplert localitzat amb àrids reciclats | C41: m3 | D41: Reomplert localitzat amb àrid reciclat mixt de formigó i material ceràmic de 40 a 80 mm de diàmetre i compactació en tongades successives de 20 cm d'espessor màxim amb picó vibrant de guiat manual. | E41: . | F41: . | G41: 32.48 | K41: €/h | L41: total
A42: subbase grava | B42: Subbase de grava 15cm | C42: m2 | D42: Subbase de grava de pedrera de pedra granítica de 15 cm de gruix i, grandària màxima de 50 a 70 mm, amb estesa i piconatge del material. | E42: . | F42: . | G42: =10.21*1.5 -> 15.315 | K42: €/h | L42: total
A43: làmina separadora | B43: Làmina separadora polietilè | C43: m2 | D43: Làmina separadora de polietilè de 150 μm i 144 g/m2, col·locada no adherida | E43: . | F43: . | G43: 2.3 | K43: 39 | L43: =I61*J61*K43 -> 39
A45: ACABAT OBRA | K45: 39 | L45: =I60*J60*K45 -> #VALUE!
A46: pintat mur | B46: Pintat de mur | C46: m2 | D46: Aplicació manual de dues mans de pintura al Pliolite, color blanc, acabat mat, textura llisa, (rendiment: 0,09 l/m² cada mà); prèvia aplicació d'una mà d'emprimació acrílica reguladora de l'absorció, sobre parament exterior de morter de ciment. | E46: . | F46: . | G46: 16.66 | L46: €/h
A47: pintat ignífug R30 | B47: Pintat ignífug perfils metàl·lics | C47: m2 | D47: Protecció passiva contra incendis d'estructura metàl·lica, mitjançant l'aplicació de tres mans de pintura intumescent para interior o exterior, Promapaint-SC4 "PROMAT", a base de copolímers acrílics a emulsió aquosa, color blanc, fins a formar un gruix mínim de pel·lícula seca de 1620 micres i aconseguir una resistència al foc de 30 minuts, segons UNE-EN 13381-8. | E47: . | F47: . | G47: 7.29 | L47: €/h
A48: pintat esmalt | B48: Pintat perfils metàl·lics | C48: m2 | D48: Aplicació manual de dues mans d'esmalt sintètic d'assecat ràpid, a base de resines alquídiques, color blanc, acabat brillant, (rendiment: 0,077 l/m² cada mà); prèvia aplicació d'una mà d'emprimació sintètica antioxidant d'assecat ràpid, a base de resines alquídiques, color gris, acabat mat (rendiment: 0,125 l/m²), sobre biga formada per peces simples de perfils laminats d'acer. | E48: . | F48: . | G48: 32.29 | L48: €/h
A49: arrebossat mur | B49: Arrebossat de ciment sobre parament exterior | C49: m2 | D49: Arrebossat de ciment, a bona vista, aplicat sobre un parament vertical exterior, acabat superficial rugós, amb morter de ciment, tipus GP CSIII W1, armat i reforçat amb malla antiàlcalis inclús en els canvis de material i en els fronts de forjat, prèvia aplicació d'una primera capa de morter de subjecció sobre el parament. | E49: . | F49: . | G49: 39.43 | L49: €/h
A50: arrebossat àrid projectat | B50: Revestiment amb morter acrílic i àrid projectat | C50: m2 | D50: Revestiment decoratiu en façanes, amb morter suport, color a escollir, acabat granulat imitació pedra natural, amb un rendiment de 5 kg/m² i àrid de marbre, procedent de matxucatge, de granulometria compresa entre 5 i 9 mm, per a la realització de la capa d'acabat en revestiments continus. | E50: . | F50: . | G50: 52.3 | L50: €/h
A51: acabat peces abuixardat | B51: Paviment exterior formigó abuixardat | C51: m2 | D51: Paviment exterior de peces prefabricades de formigó abuixardat, monocapa, , 40x60x7 cm, color blanc, resistència a flexió T, càrrega de ruptura 4, resistència al desgast H, col·locades picat de pitxell amb morter de ciment M-5 de 3 cm de gruix, deixant entre elles un junt de separació d'entre 1,5 i 3 mm. Inclús reomplert de junts amb sorra silícia de mida 0/2 mm | E51: . | F51: . | G51: 52.02 | L51: €/h
A53: INSTAL·LACIONS | K53: 39 | L53: =I66*J66*K53 -> 0
A54: instal·lació elèctrica | B54: Instal·lació elèctrica | C54: ut | D54: Conjunt de treballs per al subministre, colocació i connexió de nou punt de llum al magatzem de cotxets, i preparació de connexió del porter electrònic. Inclou aplic de paret tortuga per a exterior amb reixeta metàl·lica. Potència màxima 60W per a bombeta E27 (2 unitats) i sensor de presència. Tota la instalació completa, amb tots els elements necessaris per al seu funcionament. Inclou realització d'ajudes de paleteria de qualsevol tipus. | E54: . | F54: . | G54: 923.85 | L54: €/h
A55: porter electrònic | B55: Porter electrònic | C55: ut | D55: Instal·lació i posta en servei d'equip de porter electrònic antivandàlic compost de: placa exterior del carrer antivandàlica amb polsador de trucada, font d'alimentació i telèfon. Inclús, obreportes, visera, cablejat i caixes. | E55: . | F55: . | G55: 367.62
A56: baixant | B56: Baixant de pluvials | C56: ut | D56: Baixant circular de PVC amb òxid de titani, de Ø 80 mm, color gris clar, per a recollida d'aigües, formada per peces preformades, amb sistema d'unió per endoll i enganxat mitjançant adhesiu, col·locades amb brides metàl·liques, instal·lada a l'exterior de l'edifici. Inclús líquid netejador, adhesiu per a tubs i accessoris de PVC, connexions, colzes i peces especials. | E56: . | F56: . | G56: 17.64
K57: €/h | L57: total
A58: RETIRADA MOBILIARI I JOCS | K58: 39 | L58: =I63*J63*K58 -> 39
A59: retirada tanca metàl·lica | B59: Retirada de tanca metàl·lica existent | C59: m | D59: Retirada de reixat metàl·lic de fins a 2 m d'alçària, com a màxim, sense enderroc de daus de formigó, a mà i càrrega manual i mecànica de runa sobre camió o contenidor | E59: .Mides de la tanca: mòduls 1.5m x 1m | F59: . | G59: =30/1.5 -> 20 | L59: €/h
I60: pers. | J60: h | K60: 39 | L60: =I65*J65*K60 -> 117
A61: retirada tanca fusta | B61: Retirada de tanca de fusta existent | C61: m | D61: Retirada de tanca de fusta de fins a 2 m d'alçària, com a màxim, sense enderroc de daus de formigó, a mà i càrrega manual i mecànica de runa sobre camió o contenidor. | E61: .Mides de la tanca: mòduls 1.5m x 1m | F61: . | G61: =30/1.5 -> 20 | I61: 2 | J61: 0.5
I62: pers. | J62: h | L62: €/h
A63: retirada banc | B63: Retirada mobiliari existent | C63: ut | D63: Retirada de mobiliari existent (banc existent, jardineres, taules de picnic,...) sense enderroc de daus de formigó, a mà i acopi en obra (no inclou recol.locació). | E63: . | F63: . | G63: 40 | I63: 2 | J63: 0.5 | K63: 39 | L63: =I68*J68*K63 -> 156
I64: pers. | J64: h | L64: €/h
A65: retirada joc existent | B65: Retirada joc existent | C65: ut | D65: Retirada de joc existent, sense enderroc de daus de formigó, a mà i acopi en obra (no inclou recol.locació). | E65: .Mides del joc: alçada fins 1,5m i àrea màx: 100cm*100cm | F65: . | G65: 120 | I65: 2 | J65: 1.5 | K65: 39 | L65: =I70*J70*K65 -> 15.6
A66: RECOL.LOCACIÓ MOBILIARI I JOCS
A67: recolocació de mobiliari | B67: Recol.lació de mobiliari existent | C67: ut | D67: Recol.locació de mobiliari existent (banc existent, jardineres, taules de picnic) sobre paviment, fixat mecànicament. (No inclou la formació de daus de formigó. No inclou reparació de l'element) | E67: . | F67: . | G67: 156 | I67: pers. | J67: h
I68: 2 | J68: 2
A69: retirada de vorada de fusta | B69: Retirada vorada de fusta | C69: m | D69: Retirada de vorada de fusta sense enderroc de daus de formigó, a mà i acopi en obra (no inclou recol.locació). | E69: . | F69: . | G69: 20 | I69: pers. | J69: h
I70: 2 | J70: 0.2
A73: PAVIMENTS I TERRES
A74: CODI BASE DADES | B74: TÍTOL PARTIDA | C74: UT | D74: DESCRIPCIÓ PARTIDA | E74: mides | F74: CODI REFERÈNCIA | G74: PREU sense IVA
A75: terra desnivell big bag | B75: Formació de desnivell | C75: m3 | D75: Formació de desnivell amb terra barrejada amb una proporció aproximada de 45% argila, 45% sauló i un 10% de matèria orgànica per facilitar la plantació de vegetació (no inclou gespa ni plantes). Subministrament en big bags i estesa amb mitjans manuals i mecànics. | E75: .mides: m3 | F75: . | G75: =66/0.75 -> 88
A76: terra desnivell camió | B76: Formació de desnivell | C76: m3 | D76: Formació de desnivell amb terra barrejada amb una proporció aproximada de 45% argila, 45% sauló i un 10% de matèria orgànica per facilitar la plantació de vegetació (no inclou gespa ni plantes) | E76: .mides: m3 | F76: . | G76: =66/0.75 -> 88
A77: terra vegetal big bag | B77: Terra vegetal (per jardineres i parterre) | C77: m3 | D77: Aportació i estesa de terra vegetal de jardineria de categoria alta, amb una conductivitat elèctrica menor de 0,8 dS/m, segons NTJ 07A, subministrada en big bag i estesa amb mitjans manuals. | E77: .mides: m3 | F77: . | G77: =79/0.75 -> 105.33333
A78: terra vegetal sacs | B78: Terra vegetal (per jardineres i parterre) | C78: ut | D78: Aportació i estesa de terra vegetal de jardineria de categoria alta, amb una conductivitat elèctrica menor de 0,8 dS/m, segons NTJ 07A, subministrada en sacs i estesa amb mitjans manuals. | E78: .sac de 50 litres | F78: . | G78: 20
A79: terra vegetal càlcul | D79: .arbres 0,3m3 | E79: . | F79: .
A80: sauló | B80: Paviment de sauló | C80: m3 | D80: Subministrament i estesa de sauló com a paviment amb mitjans manuals. Base de sauló, amb estesa i piconatge del material al 95 % del PM. | E80: .mides: m3 | F80: . | G80: =69/0.75 -> 92
A81: sorra rentada | B81: Sorra per sorral | C81: m3 | D81: Subministrament i estesa de barreja de sorra de 0.2 a 2 mm de gruix rentada sense partícules de fang ni argiles, amb estesa i nivellat de material. Inclou estesa. | E81: .mides: m3 | F81: . | G81: =102.13/0.75 -> 136.17333
A82: escorça | B82: Paviment d'escorça | C82: m3 | D82: Subministrament i estesa d'escorça de pi de 30 a 50mm en sacs de 0,8m3. | E82: .mides: m3 | F82: . | G82: =126/0.75 -> 168
A83: grava volcànica | B83: Grava volcanica per a jardineres | C83: ut | D83: Subministrament i estesa de grava volcànica de 12 a 30 mm, subministrada en sacs de 0,8 m3 i escampada amb mitjans manuals. | E83: .sacs de 25kg | F83: . | G83: 16
A84: ull de perdiu | B84: Àrid ull de perdiu | C84: m3 | D84: Subministrament i estesa de paviment d'àrid ull de perdiu, rentat, de grandària màxima 40 a 80 mm i cares arrodonides, amb estesa del material, amb mitjans manuals | E84: .mides: m3 | F84: . | G84: =86/0.75 -> 114.66667
A85: grava 4/7 | B85: Grava de pedrera de pedra granítica, Ø40/70 mm | C85: m3 | D85: Aportació i estesa de grava de pedrera de pedra granítica, Ø40/70 mm subministrada amb big bag i estesa amb mitjans manuals. | E85: .mides: m3 | F85: . | G85: 65.7
A86: gespa artificial | B86: Gespa artificial | C86: m2 | D86: Subministrament i col.locació de paviment amb gespa sintètica de fibra de poliolefina d'alçària 20 a 40 mm, col·locat sobre cinta adhesiva per a paviments tèxtils amb adhesiu d'aplicació unilateral de poliuretà, amb llastrat de sorra de sílice. | E86: .mides: m2 | F86: . | G86: 42
A87: pedres caminets | B87: Pedres planes per a camins | C87: m2 | D87: Execució de paviment amb peces irregulars d'entre 20 a 40 cm de diàmetres i d'entre 3 i 4 cm d'espessor per a formació de camins. Instal.lat damunt del terreny. | E87: .mides: m2 | F87: . | G87: 97.5
A88: formigó imprès | B88: Paviment continu de formigó imprès | C88: m2 | D88: Execució de paviment continu de formigó imprès de 10cm de gruix, amb juntes, realitzat amb formigó HM-20/B/20/X0 fabricat en central i abocat des de camió, estès i vibrat manualment mitjançant regla vibrat: acolorit i endurit superfícialment mitjançant espolsada amb morter decoratiu de rodolament per a paviment de formigó, color blanc, rendiment 4,5kg/m2, acabat imprès en relleu, prèvia aplicació de desemmotllant en pols, color bordeus i capa de segellat final amb resina impermeabilitzant. El preu no inclou la base de la solera ni l'execució i el segellat de les juntes. | E88: .mides: m2 | F88: . | G88: 40.98
A89: Pintura pistes esportives | B89: Marcat i senyalització de pistes esportives, amb pintura | C89: ut | D89: Aplicació manual de dues mans de pintura antilliscant, color blanc, acabat setinat, textura llisa, la primera mà diluïda amb un 20% d'aigua i la següent diluïda amb un 5% d'aigua o sense diluir; per a marcat i senyalització de pista de bàsquet, i pista de futbol, amb línies de 5 i 10cm cm d'amplada, contínues o discontínues, segons normes federatives. | G89: 1600
A95: ELEMENTS: FUSTA- PEDRES -FIBRA COCO
A96: CODI BASE DADES | B96: TÍTOL PARTIDA | C96: UT | D96: DESCRIPCIÓ PARTIDA | E96: mides | F96: CODI REFERÈNCIA | G96: PREU sense IVA | L96: º
A97: travessa | B97: Travesses de pi tractades per exterior | C97: m | D97: Subministrament i instal·lació de travessa de pi amb els cantos fresats, amb tractament autoclau amb cobertura d'ús 4 segons norma EN-335 de 250x20x10 cm, col·locada horitzontalment sobre el terreny. Inclou p/p de replanteig, excavació manual del terreny, selecció i tall de travesses, replé i compactació del terreny contigu i eliminació i neteja del material sobrant. | E97: .mides travessa: 250x20x10cm | F97: . | G97: 43.29
A98: travessa i tronc | B98: Perímetre de travessa i troncs d'acàcia | C98: m | D98: Subministrament i instal·lació de travessa de pi amb tractament autoclau i troncs d'acàcia polits, col·locats horitzontalment sobre el terreny, combinat amb troncs d'acàcia verticals de diferents mides. Inclou p/p de replanteig, excavació manual del terreny, selecció i tall de travesses, replé i compactació del terreny contigu i eliminació i neteja del material sobrant. | E98: .mides variades | F98: . | G98: 117.37
A99: delimitació troncs | B99: Troncs d'acàcia horitzontals i verticals | C99: . | D99: Subministrament i instal·lació de troncs d'acàcia polits i amb oli d'entre 14 i 24cm de diàmetre, col·locats horitzontal i verticalment sobre el terreny. Inclou p/p de replanteig, excavació manual del terreny, selecció i tall de troncs, replè i compactació del terreny contigu i eliminació i neteja del material sobrant. Inclou mecanització. | E99: . | F99: .
A100: troncs h | B100: Troncs horitzontal | C100: m | D100: Subministrament i instal·lació de troncs d'acàcia polits i amb oli d'entre 14 i 24cm de diàmetre, col·locats horitzontalment sobre el terreny. Inclou p/p de replanteig, excavació manual del terreny, selecció i tall de troncs, replè i compactació del terreny contigu i eliminació i neteja del material sobrant. Inclou mecanització. | E100: .mides variades: 120-260cm | F100: . | G100: 58
A101: troncs v | B101: Troncs verticals | C101: ut | D101: Subministrament i instal·lació de troncs d'acàcia polits i amb oli d'entre 14 i 24cm de diàmetre, col·locats verticalment sobre el terreny. Inclou p/p de replanteig, excavació manual del terreny, selecció i tall de troncs, replè i compactació del terreny contigu i eliminació i neteja del material sobrant. Inclou mecanització. | E101: .mides variades: 25-40cm | F101: . | G101: 19
A102: tarima acàcia | B102: Tarima de fusta d'acàcia | C102: m2 | D102: Subministrament i instal·lació de tarima per a exterior, formada per llistons de fusta massissa d'acàcia, fixats mitjançant el sistema de fixació vista, sobre rastrells de fusta de pi, separats 40 cm entre si i fixats a la base existent. | E102: .mides: m2 | F102: . | G102: 156
A103: tarima pi | B103: Tarima de fusta de pi | C103: m2 | D103: Subministrament i instal·lació de tarima de fusta per a exterior, formada per llistons de fusta massissa de pi tractat a autoclau, fixats mitjançant el sistema de fixació vista, sobre rastrells de fusta de pi, separats 40 cm entre si i fixats a la base existent. | E103: .mides: m2 | F103: . | G103: 120
A104: revestiment acàcia | B104: Revestiment de fusta d'acàcia | C104: m2 | D104: Execució de forrat de fusta d'acàcia per a exterior, formada per taulons de fusta massissa d'acàcia, fixades mitjançant el sistema de fixació vista, sobre rastrells de fusta de pi, separats 40 cm entre si i fixats a la base existent. | E104: .mides: m2 | F104: . | G104: 247
A105: revestiment de pi tractat | B105: Revestiment de fusta de pi tractat | C105: m2 | D105: Execució de forrat de fusta de pi tractat per a exterior, formada per taulons de fusta de pi, fixades mitjançant el sistema de fixació vista, sobre rastrells de fusta de pi, separats 40 cm entre si i fixats a la base existent. | E105: .mides: m2 | F105: . | G105: 189 | H105: inclosa subestructura de fusta
A106: subestructura de maó | B106: Estructura suport de tarimes maó | C106: m2 | D106: Formació subestructura de suport per a tarimes fins a 50cm amb peus de maó ceràmic massís. No inclou revestiment. | E106: .mides: m2 | F106: . | G106: 55
A107: subestructura de bloc | B107: Estructura suport de tarimes bloc de formigó | C107: m2 | D107: Formació subestructura de suport per a tarimes fins a 50cm amb peus de bloc de formigó massisat. No inclou revestiment. | E107: .mides: m2 | F107: . | G107: 44.53
A108: subestructura de fusta | B108: Estructura suport de tarimes de fusta | C108: m2 | D108: Formació de subestructura de suport per a tarimes amb rastrells de fusta de pi tractat perfil 69x44cm. No inclou revestiment. | E108: .mides: m2 | F108: . | G108: 69
A109: pedres1 | B109: Pedres gran format | C109: ut | D109: Subministrament i instal·lació de pedres tipus bolo de riu de 200>400kg col·locada sobre el terreny. Inclou p/p de replanteig, excavació manual del terreny, selecció, replé i compactació del terreny contigu i eliminació i neteja del material sobrant. | E109: pedres grans: 80/120cm diàmetre. | F109: . | G109: 75
A110: pedres2 | B110: Pedres mitjanes | C110: ut | D110: Subministrament i instal·lació de pedres tipus bolo de riu de 30>40kg col·locada sobre el terreny. Inclou p/p de replanteig, excavació manual del terreny, selecció, replé i compactació del terreny contigu i eliminació i neteja del material sobrant. | E110: pedres mitjanes: 30cm diàmetre. | F110: . | G110: 34
A111: pedres3 | B111: Pedres petites | C111: ut | D111: Subministrament i instal·lació de pedres tipus bolo de riu de 10>20kg col·locada sobre el terreny. Inclou p/p de replanteig, excavació manual del terreny, selecció, replé i compactació del terreny contigu i eliminació i neteja del material sobrant. | E111: pedre petites: 20cm diàmetre. Pack de 12 unitats | F111: . | G111: 36
A112: rotllo fibra | B112: Rotllo de fibra de coco | C112: ut | D112: Subministrament i instal·lació de rotllo de fibra de coco d'alta densitat compactada i estructurada en una xarxa de polipropilè. | E112: .mides: 300cm x 30cm diàmetre | F112: . | G112: 184.5
...

Sheet PORTADA_PTO
E10: =CONCATENATE(I10,TEXT(I11,"d mmmm aaaa")) -> Barcelona, 13 maig dimecres | H10: LOCALIDAD | I10: Barcelona,
H11: FECHA | I11: =TODAY() -> 46155
E12: VALORACIÓ ECONÒMICA
E13: AVANTPROJECTE: TRANSFORMACIÓ DELS ESPAIS EXTERIORS DE L’ESCOLA BRESSOL MUNICIPAL DE ROCAFONDA
E14: MATARÓ
A17: VALORACIÓ ECONÒMICA
A18: TRANSFORMACIÓ DELS ESPAIS EXTERIORS DE L’ESCOLA BRESSOL MUNICIPAL DE ROCAFONDA
A20: client
A22: Nom:
A23: CIF: | B23: ,,, | E23: Tel. | F23: ,,,
A24: Direcció: | B24: ,,,
A25: Població: | B25: ,,, | E25: PROVINCIA | F25: ,,,
A27: Pers. Contacte: | B27: ,,, | E27: Tel. | F27: ,,,
A29: trabajos que conciernen
A31: Nom: | B31: ,,,
A32: Direcció: | B32: ,,,
A33: Població: | B33: ,,, | E33: PROVINCIA | F33: ,,,
A34: Pers. Contacte: | B34: ,,, | E34: Tel. | F34: ,,,

Sheet PATI
B1: =PORTADA_PTO!A17 -> VALORACIÓ ECONÒMICA
B2: =PORTADA_PTO!A18 -> TRANSFORMACIÓ DELS ESPAIS EXTERIORS DE L’ESCOLA BRESSOL MUNICIPAL DE ROCAFONDA
B3: =PORTADA_PTO!E14 -> MATARÓ
I4: =PORTADA_PTO!E10 -> Barcelona, 13 maig dimecres
B6: PATI | I6: =SUM(I10:I344)/2 -> 90154.992
B7: QUADRE DE PREUS 1
A8: CODI BASE DADES | B8: Ref. | C8: Un | D8: Descripció | G8: Quant. | H8: € un. | I8: IMPORT TOTAL (PEM)
B10: 1. FEINES PRÈVIES | I10: =SUM(I12:I66) -> 9663.4243
A12: retirada tanca fusta | B12: 1.1 | C12: =+VLOOKUP($A12,BASEdades!$A$3:$AA$283,3,FALSE()) -> m | D12: =+VLOOKUP($A12,BASEdades!$A$3:$AA$283,2,FALSE()) -> Retirada de tanca de fusta existent | G12: =G15 -> 36.8 | H12: =+VLOOKUP($A12,BASEdades!$A$3:$AA$283,7,FALSE()) -> 20 | I12: =G12*H12 -> 736
D13: =+VLOOKUP($A12,BASEdades!$A$3:$AA$283,4,FALSE()) -> Retirada de tanca de fusta de fins a 2 m d'alçària, com a màxim, sense enderroc de daus de formigó, a mà i càrrega manual i mecànica de runa sobre camió o contenidor.
D14: =+VLOOKUP($A12,BASEdades!$A$3:$AA$283,5,FALSE()) -> .Mides de la tanca: mòduls 1.5m x 1m
D15: .corralets | E15: 46 | F15: 0.8 | G15: =E15*F15 -> 36.8
A17: retirada joc existent | B17: 1.2 | C17: =+VLOOKUP($A17,BASEdades!$A$3:$AA$283,3,FALSE()) -> ut | D17: =+VLOOKUP($A17,BASEdades!$A$3:$AA$283,2,FALSE()) -> Retirada joc existent | G17: =G20 -> 9 | H17: =+VLOOKUP($A17,BASEdades!$A$3:$AA$283,7,FALSE()) -> 120 | I17: =G17*H17 -> 1080
D18: =+VLOOKUP($A17,BASEdades!$A$3:$AA$283,4,FALSE()) -> Retirada de joc existent, sense enderroc de daus de formigó, a mà i acopi en obra (no inclou recol.locació).
D19: =+VLOOKUP($A17,BASEdades!$A$3:$AA$283,5,FALSE()) -> .Mides del joc: alçada fins 1,5m i àrea màx: 100cm*100cm
D20: .jocs | G20: 9
A22: retirada banc | B22: 1.3 | C22: =+VLOOKUP($A22,BASEdades!$A$3:$AA$283,3,FALSE()) -> ut | D22: =+VLOOKUP($A22,BASEdades!$A$3:$AA$283,2,FALSE()) -> Retirada mobiliari existent | G22: =G25 -> 3 | H22: =+VLOOKUP($A22,BASEdades!$A$3:$AA$283,7,FALSE()) -> 40 | I22: =G22*H22 -> 120
D23: =+VLOOKUP($A22,BASEdades!$A$3:$AA$283,4,FALSE()) -> Retirada de mobiliari existent (banc existent, jardineres, taules de picnic,...) sense enderroc de daus de formigó, a mà i acopi en obra (no inclou recol.locació).
D24: =+VLOOKUP($A22,BASEdades!$A$3:$AA$283,5,FALSE()) -> .
D25: .bancs | G25: 3
A27: demolició sabata formigó armat | B27: 1.4 | C27: =+VLOOKUP($A27,BASEdades!$A$3:$AA$283,3,FALSE()) -> m3 | D27: =+VLOOKUP($A27,BASEdades!$A$3:$AA$283,2,FALSE()) -> Demolició de fonamentació de formigó | G27: =G30 -> 0.625 | H27: =+VLOOKUP($A27,BASEdades!$A$3:$AA$283,7,FALSE()) -> 243.76 | I27: =G27*H27 -> 152.35
D28: =+VLOOKUP($A27,BASEdades!$A$3:$AA$283,4,FALSE()) -> Demolició de fonamentació de formigó en massa, per a elements de mobiliari urbà, amb mitjans manuals, martell pneumàtic i càrrega manual sobre camió o contenidor.
D29: =+VLOOKUP($A27,BASEdades!$A$3:$AA$283,5,FALSE()) -> .
D30: .fonamentació bancs i jocs | E30: 5 | F30: =0.5*0.5*0.5 -> 0.125 | G30: =E30*F30 -> 0.625
A32: demolició vorada | B32: 1.5 | C32: =+VLOOKUP($A32,BASEdades!$A$3:$AA$283,3,FALSE()) -> m | D32: =+VLOOKUP($A32,BASEdades!$A$3:$AA$283,2,FALSE()) -> Demolició de graó de formigó | G32: =G35 -> 26 | H32: =+VLOOKUP($A32,BASEdades!$A$3:$AA$283,7,FALSE()) -> 7.62 | I32: =G32*H32 -> 198.12
D33: =+VLOOKUP($A32,BASEdades!$A$3:$AA$283,4,FALSE()) -> Demolició de graó de formigó, inclús la seva base, amb compressor i càrrega manual i mecànica de runa sobre camió o conenidor. Inclou l'enderroc d'estesa i alçada de graó de les mides existents.
D34: .
D35: .sorral | G35: 26
A37: recolocació de mobiliari | B37: 1.6 | C37: =+VLOOKUP($A37,BASEdades!$A$3:$AA$283,3,FALSE()) -> ut | D37: =+VLOOKUP($A37,BASEdades!$A$3:$AA$283,2,FALSE()) -> Recol.lació de mobiliari existent | G37: =G40 -> 1 | H37: =+VLOOKUP($A37,BASEdades!$A$3:$AA$283,7,FALSE()) -> 156 | I37: =G37*H37 -> 156
D38: =+VLOOKUP($A37,BASEdades!$A$3:$AA$283,4,FALSE()) -> Recol.locació de mobiliari existent (banc existent, jardineres, taules de picnic) sobre paviment, fixat mecànicament. (No inclou la formació de daus de formigó. No inclou reparació de l'element)
D39: =+VLOOKUP($A37,BASEdades!$A$3:$AA$283,5,FALSE()) -> .
D40: .caseta | G40: 1
A42: rebaix de terreny | B42: 1.7 | C42: =+VLOOKUP($A42,BASEdades!$A$3:$AA$283,3,FALSE()) -> m3 | D42: =+VLOOKUP($A42,BASEdades!$A$3:$AA$283,2,FALSE()) -> Rebaix de terreny | G42: =SUM(G45:G50) -> 68.4475 | H42: =+VLOOKUP($A42,BASEdades!$A$3:$AA$283,7,FALSE()) -> 49 | I42: =G42*H42 -> 3353.9275
D43: =+VLOOKUP($A42,BASEdades!$A$3:$AA$283,4,FALSE()) -> Excavació a cel obert, en terra d'argila semidura, amb mitjans mecànics i càrrega a camió. El preu no inclou el transport dels materials excavats.
D44: =+VLOOKUP($A42,BASEdades!$A$3:$AA$283,5,FALSE()) -> .
D45: .sorral petit | E45: 27.5 | F45: 0.4 | G45: =E45*F45 -> 11
D46: .sorral gran | E46: 72 | F46: 0.4 | G46: =E46*F46 -> 28.8
D47: .equilibri | E47: 29 | F47: 0.3 | G47: =E47*F47 -> 8.7
D48: .tarimes | E48: =G75 -> 45.85 | F48: 0.35 | G48: =E48*F48 -> 16.0475
D49: pou drenatge | E49: 1 | F49: 3 | G49: =E49*F49 -> 3
D50: .rases d'instal·lacions | E50: 10 | F50: =0.3*0.3 -> 0.09 | G50: =E50*F50 -> 0.9
A52: transport residus | B52: 1.9 | C52: =+VLOOKUP($A52,BASEdades!$A$3:$AA$283,3,FALSE()) -> m3 | D52: =+VLOOKUP($A52,BASEdades!$A$3:$AA$283,2,FALSE()) -> Transport residus | G52: =SUM(G55:G60) -> 98.699 | H52: =+VLOOKUP($A52,BASEdades!$A$3:$AA$283,7,FALSE()) -> 18.54 | I52: =G52*H52 -> 1829.8795
D53: =+VLOOKUP($A52,BASEdades!$A$3:$AA$283,4,FALSE()) -> Transport de residus inerts o no especials a instal·lació autorizada de gestió de residus, amb contenidor de qualsevol mida de capacitat, amb un recorregut complert fins a la instal·lació autoritzada de gestió del residu. Es considera un increment de 30% de l'amidament en concepte d'esponjament.
D54: =+VLOOKUP($A52,BASEdades!$A$3:$AA$283,5,FALSE()) -> .
D55: =D12 -> Retirada de tanca de fusta existent | E55: =G12 -> 36.8 | F55: 0.04 | G55: =E55*F55 -> 1.472
D56: =D17 -> Retirada joc existent | E56: =G17 -> 9 | F56: 1 | G56: =E56*F56 -> 9
D57: =D22 -> Retirada mobiliari existent | E57: =G22 -> 3 | F57: 1 | G57: =E57*F57 -> 3
D58: =D27 -> Demolició de fonamentació de formigó | E58: =G27 -> 0.625 | F58: 1.2 | G58: =E58*F58 -> 0.75
D59: =D32 -> Demolició de graó de formigó | E59: =G32 -> 26 | F59: =0.3*0.3 -> 0.09 | G59: =E59*F59 -> 2.34
D60: =D42 -> Rebaix de terreny | E60: =G42 -> 68.4475 | F60: 1.2 | G60: =E60*F60 -> 82.137
A62: deposició residus | B62: 1.10 | C62: =+VLOOKUP($A62,BASEdades!$A$3:$AA$283,3,FALSE()) -> m3 | D62: =+VLOOKUP($A62,BASEdades!$A$3:$AA$283,2,FALSE()) -> Deposició en dipòsit autoritzat | G62: =SUM(G64:G65) -> 98.699 | H62: =+VLOOKUP($A62,BASEdades!$A$3:$AA$283,7,FALSE()) -> 20.64 | I62: =G62*H62 -> 2037.1474
D63: =+VLOOKUP($A62,BASEdades!$A$3:$AA$283,4,FALSE()) -> Deposició controlada en dipòsit autoritzat inclòs el cànon sobre la deposició controlada dels residus de la construcció, segons la LLEI 8/2008, de residus barrejats no perillosos, procedents de construcció o demolició. Es considera un increment de 30% de l'amidament en concepte d'esponjament.
D64: =+VLOOKUP($A62,BASEdades!$A$3:$AA$283,5,FALSE()) -> .
D65: segons transport | G65: =G52 -> 98.699
B67: 2. PATI | I67: =SUM(I69:I294) -> 70919.951
A69: subestructura de bloc | B69: 2.1 | C69: =+VLOOKUP($A69,BASEdades!$A$3:$AA$283,3,FALSE()) -> m2 | D69: =+VLOOKUP($A69,BASEdades!$A$3:$AA$298,2,FALSE()) -> Estructura suport de tarimes bloc de formigó | G69: =SUM(G73) -> 45.85 | H69: =+VLOOKUP($A69,BASEdades!$A$3:$AA$283,7,FALSE()) -> 44.53 | I69: =G69*H69 -> 2041.7005
D70: =+VLOOKUP($A69,BASEdades!$A$3:$AA$283,4,FALSE()) -> Formació subestructura de suport per a tarimes fins a 50cm amb peus de bloc de formigó massisat. No inclou revestiment.
D71: =+VLOOKUP($A69,BASEdades!$A$3:$AA$283,5,FALSE()) -> .mides: m2
D72: =+VLOOKUP($A69,BASEdades!$A$3:$AA$283,6,FALSE()) -> .
D73: =D75 -> Tarima de fusta de pi | E73: =G75 -> 45.85 | F73: 1 | G73: =E73*F73 -> 45.85
A75: tarima pi | B75: 2.2 | C75: =+VLOOKUP($A75,BASEdades!$A$3:$AA$283,3,FALSE()) -> m2 | D75: =+VLOOKUP($A75,BASEdades!$A$3:$AA$298,2,FALSE()) -> Tarima de fusta de pi | G75: =SUM(G79:G81) -> 45.85 | H75: =+VLOOKUP($A75,BASEdades!$A$3:$AA$283,7,FALSE()) -> 120 | I75: =G75*H75 -> 5502
D76: =+VLOOKUP($A75,BASEdades!$A$3:$AA$283,4,FALSE()) -> Subministrament i instal·lació de tarima de fusta per a exterior, formada per llistons de fusta massissa de pi tractat a autoclau, fixats mitjançant el sistema de fixació vista, sobre rastrells de fusta de pi, separats 40 cm entre si i fixats a la base existent.
D77: =+VLOOKUP($A75,BASEdades!$A$3:$AA$283,5,FALSE()) -> .mides: m2
D78: =+VLOOKUP($A75,BASEdades!$A$3:$AA$283,6,FALSE()) -> .
D79: .zona 1 | E79: =1.3+7 -> 8.3 | F79: 1 | G79: =E79*F79 -> 8.3
D80: .zona 2 | E80: 11.55 | F80: 1 | G80: =E80*F80 -> 11.55
D81: .zona 3 | E81: 26 | F81: 1 | G81: =E81*F81 -> 26
A83: subestructura de fusta | B83: 2.3 | C83: =+VLOOKUP($A83,BASEdades!$A$3:$AA$283,3,FALSE()) -> m2 | D83: =+VLOOKUP($A83,BASEdades!$A$3:$AA$298,2,FALSE()) -> Estructura suport de tarimes de fusta | G83: =SUM(G87:G89) -> 45.85 | H83: =+VLOOKUP($A83,BASEdades!$A$3:$AA$283,7,FALSE()) -> 69 | I83: =G83*H83 -> 3163.65
D84: =+VLOOKUP($A83,BASEdades!$A$3:$AA$283,4,FALSE()) -> Formació de subestructura de suport per a tarimes amb rastrells de fusta de pi tractat perfil 69x44cm. No inclou revestiment.
D85: =+VLOOKUP($A83,BASEdades!$A$3:$AA$283,5,FALSE()) -> .mides: m2
D86: =+VLOOKUP($A83,BASEdades!$A$3:$AA$283,6,FALSE()) -> .
D87: =D79 -> .zona 1 | E87: =E79 -> 8.3 | F87: 1 | G87: =E87*F87 -> 8.3
D88: =D80 -> .zona 2 | E88: =E80 -> 11.55 | F88: 1 | G88: =E88*F88 -> 11.55
D89: =D81 -> .zona 3 | E89: =E81 -> 26 | F89: 1 | G89: =E89*F89 -> 26
A91: terra desnivell big bag | B91: 2.4 | C91: =+VLOOKUP($A91,BASEdades!$A$3:$AA$283,3,FALSE()) -> m3 | D91: =+VLOOKUP($A91,BASEdades!$A$3:$AA$298,2,FALSE()) -> Formació de desnivell | G91: =SUM(G95:G97) -> 13.625 | H91: =+VLOOKUP($A91,BASEdades!$A$3:$AA$283,7,FALSE()) -> 88 | I91: =G91*H91 -> 1199
D92: =+VLOOKUP($A91,BASEdades!$A$3:$AA$283,4,FALSE()) -> Formació de desnivell amb terra barrejada amb una proporció aproximada de 45% argila, 45% sauló i un 10% de matèria orgànica per facilitar la plantació de vegetació (no inclou gespa ni plantes). Subministrament en big bags i estesa amb mitjans manuals i mecànics.
D93: =+VLOOKUP($A91,BASEdades!$A$3:$AA$283,5,FALSE()) -> .mides: m3
D94: =+VLOOKUP($A91,BASEdades!$A$3:$AA$283,6,FALSE()) -> .
D95: . Entorn placeta | E95: 10 | F95: 0.15 | G95: =E95*F95 -> 1.5
D96: .entorn sorral | E96: =10.8+5+5 -> 20.8 | F96: 0.2 | G96: =E96*F96 -> 4.16
D97: .turó | E97: 17.7 | F97: 0.45 | G97: =E97*F97 -> 7.965
A99: travessa | B99: 2.5 | C99: =+VLOOKUP($A99,BASEdades!$A$3:$AA$283,3,FALSE()) -> m | D99: =+VLOOKUP($A99,BASEdades!$A$3:$AA$298,2,FALSE()) -> Travesses de pi tractades per exterior | G99: =SUM(G103:G122) -> 427.55 | H99: =+VLOOKUP($A99,BASEdades!$A$3:$AA$283,7,FALSE()) -> 43.29 | I99: =G99*H99 -> 18508.64
D100: =+VLOOKUP($A99,BASEdades!$A$3:$AA$283,4,FALSE()) -> Subministrament i instal·lació de travessa de pi amb els cantos fresats, amb tractament autoclau amb cobertura d'ús 4 segons norma EN-335 de 250x20x10 cm, col·locada horitzontalment sobre el terreny. Inclou p/p de replanteig, excavació manual del terreny, selecció i tall de travesses, replé i compactació del terreny contigu i eliminació i neteja del material sobrant.
D101: =+VLOOKUP($A99,BASEdades!$A$3:$AA$283,5,FALSE()) -> .mides travessa: 250x20x10cm
D102: =+VLOOKUP($A99,BASEdades!$A$3:$AA$283,6,FALSE()) -> .
D103: .jardinera entrada | E103: 5 | F103: 2.5 | G103: =E103*F103 -> 12.5
D104: .jardinera sorral petit | E104: =10.8+5 -> 15.8 | F104: 1 | G104: =E104*F104 -> 15.8
D105: .canviador | E105: 8 | F105: 2.5 | G105: =E105*F105 -> 20
D106: .cubs sorral petit | E106: 7.5 | F106: 4 | G106: =E106*F106 -> 30
D107: .segona jardinera | E107: 16.6 | F107: 1 | G107: =E107*F107 -> 16.6
D108: .cubs | E108: 7.5 | F108: 3 | G108: =E108*F108 -> 22.5
D109: .canvaidor central | E109: 8 | F109: 2.5 | G109: =E109*F109 -> 20
D110: .perimetre tarima central | E110: =(5.3*3)+2 -> 17.9 | F110: 1 | G110: =E110*F110 -> 17.9
D111: tercera jardinera | E111: 7 | F111: 1 | G111: =E111*F111 -> 7
D112: .cubs | E112: 2 | F112: 3 | G112: =E112*F112 -> 6
D113: .limits | E113: 8 | F113: 2.5 | G113: =E113*F113 -> 20
D114: .canvaidor | E114: 8 | F114: 2.5 | G114: =E114*F114 -> 20
D115: .perimetre tarima | E115: =17*2.5 -> 42.5 | F115: 1 | G115: =E115*F115 -> 42.5
D116: .jadinera final | E116: 3 | F116: 1 | G116: =E116*F116 -> 3
D117: .banc final | E117: 2.5 | F117: 3.5 | G117: =E117*F117 -> 8.75
...

Sheet UMBRACLE
B1: =PORTADA_PTO!A17 -> VALORACIÓ ECONÒMICA
B2: =PORTADA_PTO!A18 -> TRANSFORMACIÓ DELS ESPAIS EXTERIORS DE L’ESCOLA BRESSOL MUNICIPAL DE ROCAFONDA
B3: =PORTADA_PTO!E14 -> MATARÓ
I4: =PORTADA_PTO!E10 -> Barcelona, 13 maig dimecres
B7: UMBRACLE | I7: =SUM(I11:I31)/2 -> 27330.302
A9: CODI BASE DADES | B9: Ref. | C9: Un | D9: Descripció | G9: Quant. | H9: € un. | I9: IMPORT TOTAL (PEM)
B11: 1. UMBRACLES | I11: =SUM(I13:I32) -> 27330.302
A13: acer kg | B13: 1.1 | C13: =+VLOOKUP($A13,BASEdades!$A$3:$AA$283,3,FALSE()) -> kg | D13: =+VLOOKUP($A13,BASEdades!$A$3:$AA$283,2,FALSE()) -> Acer en perfils laminats en calent | G13: =SUM(G16:G17) -> 1489.2 | H13: =+VLOOKUP($A13,BASEdades!$A$3:$AA$283,7,FALSE()) -> 3.276 | I13: =G13*H13 -> 4878.6192
D14: =+VLOOKUP($A13,BASEdades!$A$3:$AA$283,4,FALSE()) -> Acer UNE-EN 10025 S275JR, en elements estructurals formats per peces simples de perfils laminats en calent de les sèries L, LD, T, rodó, quadrat, rectangular o platina, acabat amb emprimació antioxidant, col·locats amb unions cargolades en obra, a una altura de més de 3 m.
D15: =+VLOOKUP($A13,BASEdades!$A$3:$AA$283,5,FALSE()) -> .Mides : segons disseny
D16: .L150,10 | E16: =12*4.7 -> 56.4 | F16: 23 | G16: =E16*F16 -> 1297.2
D17: .pletines e10 | E17: =0.001*12*2 -> 0.024 | F17: 8000 | G17: =E17*F17 -> 192
A19: pintat esmalt | B19: 1.10 | C19: =+VLOOKUP($A19,BASEdades!$A$3:$AA$283,3,FALSE()) -> m2 | D19: =+VLOOKUP($A19,BASEdades!$A$3:$AA$298,2,FALSE()) -> Pintat perfils metàl·lics | G19: =SUM(G22:G23) -> 70.08 | H19: =+VLOOKUP($A19,BASEdades!$A$3:$AA$283,7,FALSE()) -> 32.29 | I19: =G19*H19 -> 2262.8832
D20: =+VLOOKUP($A19,BASEdades!$A$3:$AA$283,4,FALSE()) -> Aplicació manual de dues mans d'esmalt sintètic d'assecat ràpid, a base de resines alquídiques, color blanc, acabat brillant, (rendiment: 0,077 l/m² cada mà); prèvia aplicació d'una mà d'emprimació sintètica antioxidant d'assecat ràpid, a base de resines alquídiques, color gris, acabat mat (rendiment: 0,125 l/m²), sobre biga formada per peces simples de perfils laminats d'acer.
D21: =+VLOOKUP($A19,BASEdades!$A$3:$AA$283,5,FALSE()) -> .
D22: .L150,10 | E22: 0.6 | F22: =4.7*24 -> 112.8 | G22: =E22*F22 -> 67.68
D23: .pletines | E23: 0.1 | F23: 24 | G23: =E23*F23 -> 2.4
A25: panell entramat fusta façana | B25: 1.3 | C25: =+VLOOKUP($A25,BASEdades!$A$3:$AA$283,3,FALSE()) -> ut | D25: =+VLOOKUP($A25,BASEdades!$A$3:$AA$283,2,FALSE()) -> Entramat de fusta per a façana | G25: =SUM(G28) -> 12 | H25: =+VLOOKUP($A25,BASEdades!$A$3:$AA$283,7,FALSE()) -> 1075.82 | I25: =G25*H25 -> 12909.84
D26: =+VLOOKUP($A25,BASEdades!$A$3:$AA$283,4,FALSE()) -> Subministrament i col.locació de mòdul de pèrgola de fusta de 300x200cm format per un allistonat de fusta de pi de flandes tractat de 44x93mm disposats horitzontalment i acargolats a rastrells de fusta de 44x93mm. Inclou el muntatge i fixació del mòdul a estructura existent amb tots els elements necessaris.
D27: =+VLOOKUP($A25,BASEdades!$A$3:$AA$283,5,FALSE()) -> .Mides : 200x300cm
D28: .panells verticals | E28: 12 | F28: 1 | G28: =E28*F28 -> 12 | H28: =H25*F28 -> 1075.82
A30: panell entramat fusta pèrgola | B30: 1.4 | C30: =+VLOOKUP($A30,BASEdades!$A$3:$AA$283,3,FALSE()) -> ut | D30: =+VLOOKUP($A30,BASEdades!$A$3:$AA$283,2,FALSE()) -> Entramat de fusta per a pèrgola | G30: =SUM(G33) -> 6 | H30: =+VLOOKUP($A30,BASEdades!$A$3:$AA$283,7,FALSE()) -> 1213.16 | I30: =G30*H30 -> 7278.96
D31: =+VLOOKUP($A30,BASEdades!$A$3:$AA$283,4,FALSE()) -> Subministrament i col.locació de mòdul de pèrgola de fusta de 300x300cm format per un allistonat de fusta de pi de flandes tractat de 44x93mm disposats verticalment i acargolats a rastrells de fusta de 44x93mm. Inclou el muntatge i fixació del mòdul a estructura metàl·lica amb tots els elements necessaris.
D32: =+VLOOKUP($A30,BASEdades!$A$3:$AA$283,5,FALSE()) -> .Mides : 300x300cm
D33: .panells horitzontals | E33: 6 | F33: 1 | G33: =E33*F33 -> 6 | H33: =H30*F33 -> 1213.16

Sheet ACCÉS
B1: =PORTADA_PTO!A17 -> VALORACIÓ ECONÒMICA
B2: =PORTADA_PTO!A18 -> TRANSFORMACIÓ DELS ESPAIS EXTERIORS DE L’ESCOLA BRESSOL MUNICIPAL DE ROCAFONDA
B3: =PORTADA_PTO!E14 -> MATARÓ
I4: =PORTADA_PTO!E10 -> Barcelona, 13 maig dimecres
B7: ACCÉS | I7: =SUM(I11:I147)/2 -> 19806.735
A9: CODI BASE DADES | B9: Ref. | C9: Un | D9: Descripció | G9: Quant. | H9: € un. | I9: IMPORT TOTAL (PEM)
B11: 1. ACCÉS | I11: =SUM(I13:I147) -> 19806.735
A13: retirada tanca metàl·lica | B13: 1.1 | C13: =+VLOOKUP($A13,BASEdades!$A$3:$AA$283,3,FALSE()) -> m | D13: =+VLOOKUP($A13,BASEdades!$A$3:$AA$283,2,FALSE()) -> Retirada de tanca metàl·lica existent | G13: =SUM(G16) -> 10 | H13: =+VLOOKUP($A13,BASEdades!$A$3:$AA$283,7,FALSE()) -> 20 | I13: =G13*H13 -> 200
D14: =+VLOOKUP($A13,BASEdades!$A$3:$AA$283,4,FALSE()) -> Retirada de reixat metàl·lic de fins a 2 m d'alçària, com a màxim, sense enderroc de daus de formigó, a mà i càrrega manual i mecànica de runa sobre camió o contenidor
D15: =+VLOOKUP($A13,BASEdades!$A$3:$AA$283,5,FALSE()) -> .Mides de la tanca: mòduls 1.5m x 1m
D16: .porta d'accés actual | E16: 10 | F16: 1 | G16: =E16*F16 -> 10
A18: paleteria | B18: 1.2 | C18: =+VLOOKUP($A18,BASEdades!$A$3:$AA$283,3,FALSE()) -> h | D18: =+VLOOKUP($A18,BASEdades!$A$3:$AA$283,2,FALSE()) -> Ajudes de paleta | G18: 16 | H18: =+VLOOKUP($A18,BASEdades!$A$3:$AA$283,7,FALSE()) -> 57.72 | I18: =G18*H18 -> 923.52
D19: =+VLOOKUP($A18,BASEdades!$A$3:$AA$283,4,FALSE()) -> Jornada d'ajudes de paleta. Oficial i peò.
D20: =+VLOOKUP($A18,BASEdades!$A$3:$AA$283,5,FALSE()) -> .
A22: Tall de paviment | B22: 1.3 | C22: =+VLOOKUP($A22,BASEdades!$A$3:$AA$283,3,FALSE()) -> m | D22: =+VLOOKUP($A22,BASEdades!$A$3:$AA$298,2,FALSE()) -> Tall de paviment | G22: =SUM(G25) -> 11.3 | H22: =+VLOOKUP($A22,BASEdades!$A$3:$AA$283,7,FALSE()) -> 5.7 | I22: =G22*H22 -> 64.41
D23: =+VLOOKUP($A22,BASEdades!$A$3:$AA$283,4,FALSE()) -> Execució de tall en paviment de qualsevol tipus, de 10cm de fondària com a mínim, amb màquina tallajunts amb disc de diamant per a paviment, per a delimitar la zona a demolir, i càrrega manual sobre camió o contenidor
D24: =+VLOOKUP($A22,BASEdades!$A$3:$AA$283,6,FALSE()) -> .
D25: .magatzem coxets | E25: 11.3 | F25: 1 | G25: =E25*F25 -> 11.3
A27: demolició solera formigó | B27: 1.4 | C27: =+VLOOKUP($A27,BASEdades!$A$3:$AA$283,3,FALSE()) -> m2 | D27: =+VLOOKUP($A27,BASEdades!$A$3:$AA$298,2,FALSE()) -> Demolició de solera de formigó | G27: =SUM(G30) -> 4.52 | H27: =+VLOOKUP($A27,BASEdades!$A$3:$AA$283,7,FALSE()) -> 15 | I27: =G27*H27 -> 67.8
D28: =+VLOOKUP($A27,BASEdades!$A$3:$AA$283,4,FALSE()) -> Demolició de solera de formigó en massa de fins a 15cm, mitjançant retroexcavadora amb martell picador. El preu inclou el picat i estesa del material per ser utilitzat com a grava de drenatge.
D29: =+VLOOKUP($A27,BASEdades!$A$3:$AA$283,6,FALSE()) -> .
D30: .magatzem coxets | E30: 11.3 | F30: 0.4 | G30: =E30*F30 -> 4.52
A32: mostreig | B32: 1.5 | C32: =+VLOOKUP($A32,BASEdades!$A$3:$AA$283,3,FALSE()) -> ut | D32: =+VLOOKUP($A32,BASEdades!$A$3:$AA$298,2,FALSE()) -> Mostreig | G32: =SUM(G35) -> 1 | H32: =+VLOOKUP($A32,BASEdades!$A$3:$AA$283,7,FALSE()) -> 135.39 | I32: =G32*H32 -> 135.39
D33: =+VLOOKUP($A32,BASEdades!$A$3:$AA$283,4,FALSE()) -> Mostreig, realització de con d'Abrams, elaboració de les provetes, cura, recapçament i assaig a compressió d'una sèrie de cinc provetes cilíndriques de 15x30 cm, segons la norma UNE-EN 12390-1, UNE-EN 12390-2, UNE-EN 12390-3, UNE-EN 12350-1 i UNE-EN 12350-2
D34: =+VLOOKUP($A32,BASEdades!$A$3:$AA$283,5,FALSE()) -> .
D35: .fonaments | E35: 1 | F35: 1 | G35: =E35*F35 -> 1
A37: rebaix fonaments i pous | B37: 1.6 | C37: =+VLOOKUP($A37,BASEdades!$A$3:$AA$283,3,FALSE()) -> m3 | D37: =+VLOOKUP($A37,BASEdades!$A$3:$AA$298,2,FALSE()) -> Rebaix per a fonaments i pous | G37: =SUM(G40) -> 2.712 | H37: =+VLOOKUP($A37,BASEdades!$A$3:$AA$283,7,FALSE()) -> 33.63 | I37: =G37*H37 -> 91.20456
D38: =+VLOOKUP($A37,BASEdades!$A$3:$AA$283,4,FALSE()) -> Excavació a cel obert, en terra d'argila semidura, amb mitjans mecànics i càrrega a camió. El preu no inclou el transport dels materials excavats. Excavació de rases per a fonaments o pous, en terreny existent, amb mitjans mecànics adients, i càrrega sobre camió o contenidor.
D39: =+VLOOKUP($A37,BASEdades!$A$3:$AA$283,6,FALSE()) -> .
D40: .magatzem coxets | E40: =G27 -> 4.52 | F40: 0.6 | G40: =E40*F40 -> 2.712
A43: fonament formigó | B43: 1.8 | C43: =+VLOOKUP($A43,BASEdades!$A$3:$AA$283,3,FALSE()) -> m3 | D43: =+VLOOKUP($A43,BASEdades!$A$3:$AA$298,2,FALSE()) -> Fonament de formigó HA-25 | G43: =SUM(G46:G47) -> 4.645 | H43: =+VLOOKUP($A43,BASEdades!$A$3:$AA$283,7,FALSE()) -> 265 | I43: =G43*H43 -> 1230.925
D44: =+VLOOKUP($A43,BASEdades!$A$3:$AA$283,4,FALSE()) -> Fonament de formigÃ³ armat HA-25/B/20/IIa abocat des de camiÃ³ o qualsevol altre mitjÃ alternatiu, amb armadura de fonament i esperes de murs que arrenquen del fonament amb barres tipus AP500 S de lÃ­mit elÃ stic > = 500 N / mm2 d'acer en barres corrugades, amb una quantia de fins a 45 kg/mÂ³ (comprovada i validada per el contractista) i encofrat si Ã©s necessari per la tipologia del terreny amb tauler de fusta o qualsevol altre sistema. S'inclouen tots els elements necessaris per a la realització del fonament: formigó, acer, encofrat, perforacions, connectors i qualsevol altre element o treball auxiliar necessari per a la seva execució.
D45: =+VLOOKUP($A43,BASEdades!$A$3:$AA$283,6,FALSE()) -> .
D46: .sabata mur | E46: =E40 -> 4.52 | F46: 1 | G46: =E46*F46 -> 4.52
D47: .pilar coberta | E47: 0.5 | F47: =0.5*0.5 -> 0.25 | G47: =E47*F47 -> 0.125
A49: acer kg bigues | B49: 1.9 | C49: =+VLOOKUP($A49,BASEdades!$A$3:$AA$283,3,FALSE()) -> kg | D49: =+VLOOKUP($A49,BASEdades!$A$3:$AA$298,2,FALSE()) -> Acer en bigues | G49: =SUM(G52:G54) -> 264.4287 | H49: =+VLOOKUP($A49,BASEdades!$A$3:$AA$283,7,FALSE()) -> 3.192 | I49: =G49*H49 -> 844.05641
D50: =+VLOOKUP($A49,BASEdades!$A$3:$AA$283,4,FALSE()) -> Acer UNE-EN 10025 S275JR, en bigues formades por peces simples de perfils laminats en calent de les sèries IPN, IPE, HEB, HEA, HEM o UPN, acabat amb emprimació antioxidant, amb unions soldades en obra, a una altura de fins a 3 m.
D51: =+VLOOKUP($A49,BASEdades!$A$3:$AA$283,5,FALSE()) -> .Mides : segons disseny
D52: .pilar coberta | E52: =2.3*20.91 -> 48.093 | F52: 1 | G52: =E52*F52 -> 48.093
D53: .biga | E53: =7.5*20.91 -> 156.825 | F53: 1 | G53: =E53*F53 -> 156.825
D54: .rastrells per a suport de coberta | E54: =(2.76+2.87+2.98+3.08+3.19+3.3+3.41+3.52)*2.37 -> 59.5107 | F54: 1 | G54: =E54*F54 -> 59.5107
A56: pintat esmalt | B56: 1.10 | C56: =+VLOOKUP($A56,BASEdades!$A$3:$AA$283,3,FALSE()) -> m2 | D56: =+VLOOKUP($A56,BASEdades!$A$3:$AA$298,2,FALSE()) -> Pintat perfils metàl·lics | G56: =SUM(G59:G61) -> 10.804 | H56: =+VLOOKUP($A56,BASEdades!$A$3:$AA$283,7,FALSE()) -> 32.29 | I56: =G56*H56 -> 348.86116
D57: =+VLOOKUP($A56,BASEdades!$A$3:$AA$283,4,FALSE()) -> Aplicació manual de dues mans d'esmalt sintètic d'assecat ràpid, a base de resines alquídiques, color blanc, acabat brillant, (rendiment: 0,077 l/m² cada mà); prèvia aplicació d'una mà d'emprimació sintètica antioxidant d'assecat ràpid, a base de resines alquídiques, color gris, acabat mat (rendiment: 0,125 l/m²), sobre biga formada per peces simples de perfils laminats d'acer.
D58: =+VLOOKUP($A56,BASEdades!$A$3:$AA$283,5,FALSE()) -> .
D59: =D52 -> .pilar coberta | E59: 0.59 | F59: 2.3 | G59: =E59*F59 -> 1.357
D60: =D53 -> .biga | E60: 0.59 | F60: 7.5 | G60: =E60*F60 -> 4.425
D61: =D54 -> .rastrells per a suport de coberta | E61: 0.2 | F61: =2.76+2.87+2.98+3.08+3.19+3.3+3.41+3.52 -> 25.11 | G61: =E61*F61 -> 5.022
A63: reblert | B63: 1.11 | C63: =+VLOOKUP($A63,BASEdades!$A$3:$AA$283,3,FALSE()) -> m3 | D63: =+VLOOKUP($A63,BASEdades!$A$3:$AA$298,2,FALSE()) -> Reomplert localitzat amb àrids reciclats | G63: =G66 -> 13.528 | H63: =+VLOOKUP($A63,BASEdades!$A$3:$AA$283,7,FALSE()) -> 32.48 | I63: =G63*H63 -> 439.38944
D64: =+VLOOKUP($A63,BASEdades!$A$3:$AA$283,4,FALSE()) -> Reomplert localitzat amb àrid reciclat mixt de formigó i material ceràmic de 40 a 80 mm de diàmetre i compactació en tongades successives de 20 cm d'espessor màxim amb picó vibrant de guiat manual.
D65: =+VLOOKUP($A63,BASEdades!$A$3:$AA$283,5,FALSE()) -> .
D66: .solera | E66: =3.56*3.8 -> 13.528 | F66: 1 | G66: =E66*F66 -> 13.528
A68: subbase grava | B68: 1.12 | C68: =+VLOOKUP($A68,BASEdades!$A$3:$AA$283,3,FALSE()) -> m2 | D68: =+VLOOKUP($A68,BASEdades!$A$3:$AA$298,2,FALSE()) -> Subbase de grava 15cm | G68: =SUM(G71) -> 26 | H68: =+VLOOKUP($A68,BASEdades!$A$3:$AA$283,7,FALSE()) -> 15.315 | I68: =G68*H68 -> 398.19
D69: =+VLOOKUP($A68,BASEdades!$A$3:$AA$283,4,FALSE()) -> Subbase de grava de pedrera de pedra granítica de 15 cm de gruix i, grandària màxima de 50 a 70 mm, amb estesa i piconatge del material.
D70: =+VLOOKUP($A68,BASEdades!$A$3:$AA$283,5,FALSE()) -> .
D71: =D66 -> .solera | E71: 26 | F71: 1 | G71: =E71*F71 -> 26
A73: làmina separadora | B73: 1.13 | C73: =+VLOOKUP($A73,BASEdades!$A$3:$AA$283,3,FALSE()) -> m2 | D73: =+VLOOKUP($A73,BASEdades!$A$3:$AA$298,2,FALSE()) -> Làmina separadora polietilè | G73: =G76 -> 26 | H73: =+VLOOKUP($A73,BASEdades!$A$3:$AA$283,7,FALSE()) -> 2.3 | I73: =G73*H73 -> 59.8
D74: =+VLOOKUP($A73,BASEdades!$A$3:$AA$283,4,FALSE()) -> Làmina separadora de polietilè de 150 μm i 144 g/m2, col·locada no adherida
D75: =+VLOOKUP($A73,BASEdades!$A$3:$AA$283,5,FALSE()) -> .
D76: =D71 -> .solera | E76: =E71 -> 26 | F76: 1 | G76: =E76*F76 -> 26
A78: solera raspatllat | B78: 1.14 | C78: =+VLOOKUP($A78,BASEdades!$A$3:$AA$283,3,FALSE()) -> m2 | D78: =+VLOOKUP($A78,BASEdades!$A$3:$AA$298,2,FALSE()) -> Solera de formigó amb acabat raspatllat | G78: =G81 -> 26 | H78: =+VLOOKUP($A78,BASEdades!$A$3:$AA$283,7,FALSE()) -> 35.12 | I78: =G78*H78 -> 913.12
D79: =+VLOOKUP($A78,BASEdades!$A$3:$AA$283,4,FALSE()) -> Paviment de formigó amb fibres de polipropilè monofilamentoses, amb aditiu, per a paviment continu i rampes, de 15 cm de gruix, tipus HAF-30/F/12/IIa+E, amb fibres sintètiques amb una quantia de 600 gr/m³, abocat des de camió o qualsevol altre mitjà alternatiu, mestrejat i acabat amb regle vibrat i posterior raspatllat per deixar la textura indicada per la DF. Inclou armadura interior tipus AP500SD amb malla electrosoldada ME 15x15 cm D:6-6 mm B500SD UNE-EN 10080
D80: =+VLOOKUP($A78,BASEdades!$A$3:$AA$283,5,FALSE()) -> .
D81: =D76 -> .solera | E81: =E76 -> 26 | F81: 1 | G81: =E81*F81 -> 26
A83: acabat peces abuixardat | B83: 1.15 | C83: =+VLOOKUP($A83,BASEdades!$A$3:$AA$283,3,FALSE()) -> m2 | D83: =+VLOOKUP($A83,BASEdades!$A$3:$AA$298,2,FALSE()) -> Paviment exterior formigó abuixardat | G83: =SUM(G86:G87) -> 22 | H83: =+VLOOKUP($A83,BASEdades!$A$3:$AA$283,7,FALSE()) -> 52.02 | I83: =G83*H83 -> 1144.44
D84: =+VLOOKUP($A83,BASEdades!$A$3:$AA$283,4,FALSE()) -> Paviment exterior de peces prefabricades de formigó abuixardat, monocapa, , 40x60x7 cm, color blanc, resistència a flexió T, càrrega de ruptura 4, resistència al desgast H, col·locades picat de pitxell amb morter de ciment M-5 de 3 cm de gruix, deixant entre elles un junt de separació d'entre 1,5 i 3 mm. Inclús reomplert de junts amb sorra silícia de mida 0/2 mm
D85: =+VLOOKUP($A83,BASEdades!$A$3:$AA$283,5,FALSE()) -> .
D86: .reparació paviment plaça per la construcció magatzem de cotxets | E86: 19 | F86: 1 | G86: =E86*F86 -> 19
D87: .reposició peces malmeses | E87: 3 | F87: 1 | G87: =E87*F87 -> 3
A89: mur bloc | B89: 1.16 | C89: =+VLOOKUP($A89,BASEdades!$A$3:$AA$283,3,FALSE()) -> m2 | D89: =+VLOOKUP($A89,BASEdades!$A$3:$AA$298,2,FALSE()) -> Mur de bloc a una cara vista | G89: =G92 -> 39.124 | H89: =+VLOOKUP($A89,BASEdades!$A$3:$AA$283,7,FALSE()) -> 77 | I89: =G89*H89 -> 3012.548
D90: =+VLOOKUP($A89,BASEdades!$A$3:$AA$283,4,FALSE()) -> Mur de contenció de terres de 20 cm d'espessor de fàbrica, de bloc de formigó tipus "H", de càrrega, per anar vist, color gris, 50x20x20 cm, categoria I, resistència normalitzada R10 (10 N/mm²), amb els junts verticals encadellats en sec i els junts horitzontals amb morter de ciment industrial, color gris, M-7,5, subministrat a granel, amb blocs de cantonada, reforçat amb formigó de replè, HA-25/B/12/XC2, preparat en obra, abocament amb mitjans manuals, i armadura d'acer UNE-EN 10080 B 400 S, amb una quantia aproximada de 20 kg/m². Inclús tubs de PVC per drenatge i filferro de lligar.
D91: =+VLOOKUP($A89,BASEdades!$A$3:$AA$283,5,FALSE()) -> .
D92: .magatzem de cotxes | E92: =(3.8*3.08)+27.42 -> 39.124 | F92: 1 | G92: =E92*F92 -> 39.124
A94: arrebossat àrid projectat | B94: 1.17 | C94: =+VLOOKUP($A94,BASEdades!$A$3:$AA$283,3,FALSE()) -> m2 | D94: =+VLOOKUP($A94,BASEdades!$A$3:$AA$298,2,FALSE()) -> Revestiment amb morter acrílic i àrid projectat | G94: =G98 -> 39.124 | H94: =+VLOOKUP($A94,BASEdades!$A$3:$AA$283,7,FALSE()) -> 52.3 | I94: =G94*H94 -> 2046.1852
D95: =+VLOOKUP($A94,BASEdades!$A$3:$AA$283,4,FALSE()) -> Revestiment decoratiu en façanes, amb morter suport, color a escollir, acabat granulat imitació pedra natural, amb un rendiment de 5 kg/m² i àrid de marbre, procedent de matxucatge, de granulometria compresa entre 5 i 9 mm, per a la realització de la capa d'acabat en revestiments continus.
D96: =+VLOOKUP($A94,BASEdades!$A$3:$AA$283,5,FALSE()) -> .
D97: .interior magatzem | E97: =(3.8*3.08)+27.42 -> 39.124 | F97: 1 | G97: =E97*F97 -> 39.124
D98: .exterior magatzem | E98: =E92 -> 39.124 | F98: 1 | G98: =E98*F98 -> 39.124
A100: coberta sandvitx | B100: 1.18 | C100: =+VLOOKUP($A100,BASEdades!$A$3:$AA$283,3,FALSE()) -> m2 | D100: =+VLOOKUP($A100,BASEdades!$A$3:$AA$298,2,FALSE()) -> Coberta sandwitx | G100: =G103 -> 27.4 | H100: =+VLOOKUP($A100,BASEdades!$A$3:$AA$283,7,FALSE()) -> 74.21 | I100: =G100*H100 -> 2033.354
D101: =+VLOOKUP($A100,BASEdades!$A$3:$AA$283,4,FALSE()) -> Coberta amb panell sandwitx de planxes d'acer amb aillament de poliuretà (PUR B2), reacció al foc BS2 d0, amb un gruix total de 120 mm, amb la cara exterior i la cara interior perfilada en lames, galvanitzat en calent i prelacat en ambdues cares, gruix de les planxes (ext/int) 0.5/0,5 mm, junt longitudinal encadellat, amb fixació oculta amb tapajunts. Inclou tapajunts i remats perimetrals, elements de carener i totes les trobades del panell amb altres elements. Tot complert i totalment acabat.
D102: =+VLOOKUP($A100,BASEdades!$A$3:$AA$283,5,FALSE()) -> .
D103: .magatzem de cotxes | E103: 27.4 | F103: 1 | G103: =E103*F103 -> 27.4
A105: canal pluvial | B105: 1.19 | C105: =+VLOOKUP($A105,BASEdades!$A$3:$AA$283,3,FALSE()) -> m2 | D105: =+VLOOKUP($A105,BASEdades!$A$3:$AA$298,2,FALSE()) -> Canal de recollida d'aigua | G105: =G108 -> 7.8 | H105: =+VLOOKUP($A105,BASEdades!$A$3:$AA$283,7,FALSE()) -> 38.24 | I105: =G105*H105 -> 298.272
D106: =+VLOOKUP($A105,BASEdades!$A$3:$AA$283,4,FALSE()) -> Canal exterior de secció rectangular de planxa d'acer galvanitzat i prelacat de 0,5 mm de gruix, de 120x120 mm de secció interior, col·locada amb peces especials fixada a coberta lleugera i connectada al baixant.
D107: =+VLOOKUP($A105,BASEdades!$A$3:$AA$283,5,FALSE()) -> .
D108: .magatzem de cotxes | E108: 7.8 | F108: 1 | G108: =E108*F108 -> 7.8
A110: baixant | B110: 1.20 | C110: =+VLOOKUP($A110,BASEdades!$A$3:$AA$283,3,FALSE()) -> ut | D110: =+VLOOKUP($A110,BASEdades!$A$3:$AA$298,2,FALSE()) -> Baixant de pluvials | G110: 1 | H110: =+VLOOKUP($A110,BASEdades!$A$3:$AA$283,7,FALSE()) -> 17.64 | I110: =G110*H110 -> 17.64
D111: =+VLOOKUP($A110,BASEdades!$A$3:$AA$283,4,FALSE()) -> Baixant circular de PVC amb òxid de titani, de Ø 80 mm, color gris clar, per a recollida d'aigües, formada per peces preformades, amb sistema d'unió per endoll i enganxat mitjançant adhesiu, col·locades amb brides metàl·liques, instal·lada a l'exterior de l'edifici. Inclús líquid netejador, adhesiu per a tubs i accessoris de PVC, connexions, colzes i peces especials.
D112: =+VLOOKUP($A110,BASEdades!$A$3:$AA$283,5,FALSE()) -> .
A114: ajuda serralleria | B114: 1.21 | C114: =+VLOOKUP($A114,BASEdades!$A$3:$AA$283,3,FALSE()) -> h | D114: =+VLOOKUP($A114,BASEdades!$A$3:$AA$298,2,FALSE()) -> Modificació serralleria existent | G114: =SUM(G117:G118) -> 24 | H114: =+VLOOKUP($A114,BASEdades!$A$3:$AA$283,7,FALSE()) -> 69 | I114: =G114*H114 -> 1656
D115: =+VLOOKUP($A114,BASEdades!$A$3:$AA$283,4,FALSE()) -> Jornada d'oficial de manyà.
D116: =+VLOOKUP($A114,BASEdades!$A$3:$AA$283,5,FALSE()) -> .
D117: .modificació tanca existent | E117: 8 | F117: 1 | G117: =E117*F117 -> 8
D118: .adaptació de tanca retirada, tall i recol·locació | E118: 16 | F118: 1 | G118: =E118*F118 -> 16
A120: porta metàl·lica xapa | B120: 1.22 | C120: =+VLOOKUP($A120,BASEdades!$A$3:$AA$283,3,FALSE()) -> m | D120: =+VLOOKUP($A120,BASEdades!$A$3:$AA$298,2,FALSE()) -> Porta metàl·lica de xapa d'acer | G120: =SUM(G124) -> 1 | H120: =+VLOOKUP($A120,BASEdades!$A$3:$AA$283,7,FALSE()) -> 132.56 | I120: =G120*H120 -> 132.56
D121: =+VLOOKUP($A120,BASEdades!$A$3:$AA$283,4,FALSE()) -> Porta d'acer galvanitzat en forma recta, de 90 cm d'altura, formada per: bastidor compost de barana superior i inferior de platina de perfil massís d'acer laminat en calent de 60x6 mm i i plafons de xapa metàl·lica perforada (igual o similar a la de la tanca metàl·lica existent).
D122: =+VLOOKUP($A120,BASEdades!$A$3:$AA$283,5,FALSE()) -> .mides: m
D123: =+VLOOKUP($A120,BASEdades!$A$3:$AA$283,6,FALSE()) -> .
D124: .entrada magatzem cotxets | G124: 1
A126: tanca metàl·lica perfils buits | B126: 1.22 | C126: =+VLOOKUP($A126,BASEdades!$A$3:$AA$283,3,FALSE()) -> m | D126: =+VLOOKUP($A126,BASEdades!$A$3:$AA$298,2,FALSE()) -> Mòdul de tanca metàl·lica de perfils buits | G126: =SUM(G130) -> 3.45 | H126: =+VLOOKUP($A126,BASEdades!$A$3:$AA$283,7,FALSE()) -> 316.51 | I126: =G126*H126 -> 1091.9595
D127: =+VLOOKUP($A126,BASEdades!$A$3:$AA$283,4,FALSE()) -> Mòdul de clos metàl·lic, format per perfils buits de secció circular, d'acer galvanitzat (Z 275), acabat lacat en color a definir per DF de 2 mm d'espessor, 60 mm de diàmetre i 2400 mm d'altura, amb una separació màxima de 80 mm entre els perfils, amb una pletina metàl·lica horitzontal superior de 80x8mm i inferior de 100x8, fixada als perfils mitjançant soldadura. Peus d'anclatge de pletines fixats amb varil·les metàl·liques a solera de formigó existent.
...

Sheet QUADRE PREUS 1
B1: =PORTADA_PTO!A17 -> VALORACIÓ ECONÒMICA
B2: =PORTADA_PTO!A18 -> TRANSFORMACIÓ DELS ESPAIS EXTERIORS DE L’ESCOLA BRESSOL MUNICIPAL DE ROCAFONDA
B3: =PORTADA_PTO!E14 -> MATARÓ
B7: QUADRE DE PREUS 1 | I7: =SUM(I11:I617)/2 -> #REF!
A9: CODI BASE DADES | C9: Un | D9: Descripció | H9: € un. | I9: IMPORT TOTAL (PEM)
A11: retirada tanca metàl·lica | C11: =+VLOOKUP($A11,BASEdades!$A$3:$AA$283,3,FALSE()) -> m | D11: =+VLOOKUP($A11,BASEdades!$A$3:$AA$283,2,FALSE()) -> Retirada de tanca metàl·lica existent | H11: =+VLOOKUP($A11,BASEdades!$A$3:$AA$283,7,FALSE()) -> 20 | I11: =#REF!*H11 -> #REF!
D12: =+VLOOKUP($A11,BASEdades!$A$3:$AA$283,4,FALSE()) -> Retirada de reixat metàl·lic de fins a 2 m d'alçària, com a màxim, sense enderroc de daus de formigó, a mà i càrrega manual i mecànica de runa sobre camió o contenidor
D13: =+VLOOKUP($A11,BASEdades!$A$3:$AA$283,5,FALSE()) -> .Mides de la tanca: mòduls 1.5m x 1m
D14: Peó ordinari construcció | E14: =+VLOOKUP($D14,PREUS!$B$1:$F$589,3,FALSE()) -> 25.8 | F14: =+VLOOKUP($D14,PREUS!$B$1:$F$589,4,FALSE()) -> h | G14: 0.76 | H14: =E14*G14 -> 19.608
D15: Costos directes complementaris | E15: =H14 -> 19.608 | F15: % | G15: 0.02 | H15: =E15*G15 -> 0.39216
A18: paleteria | C18: =+VLOOKUP($A18,BASEdades!$A$3:$AA$283,3,FALSE()) -> h | D18: =+VLOOKUP($A18,BASEdades!$A$3:$AA$283,2,FALSE()) -> Ajudes de paleta | H18: =+VLOOKUP($A18,BASEdades!$A$3:$AA$283,7,FALSE()) -> 57.72 | I18: =#REF!*H18 -> #REF!
D19: =+VLOOKUP($A18,BASEdades!$A$3:$AA$283,4,FALSE()) -> Jornada d'ajudes de paleta. Oficial i peò.
D20: =+VLOOKUP($A18,BASEdades!$A$3:$AA$283,5,FALSE()) -> .
D21: Oficial 1ª construcció | E21: =+VLOOKUP($D21,PREUS!$B$1:$F$589,3,FALSE()) -> 30.79 | F21: =+VLOOKUP($D21,PREUS!$B$1:$F$589,4,FALSE()) -> h | G21: 1 | H21: =E21*G21 -> 30.79
D22: Peó ordinari construcció | E22: =+VLOOKUP($D22,PREUS!$B$1:$F$589,3,FALSE()) -> 25.8 | F22: =+VLOOKUP($D22,PREUS!$B$1:$F$589,4,FALSE()) -> h | G22: 1 | H22: =E22*G22 -> 25.8
D23: Costos directes complementaris | E23: =SUM(H21:H22) -> 56.59 | F23: % | G23: 0.02 | H23: =E23*G23 -> 1.1318
A25: Tall de paviment | C25: =+VLOOKUP($A25,BASEdades!$A$3:$AA$283,3,FALSE()) -> m | D25: =+VLOOKUP($A25,BASEdades!$A$3:$AA$298,2,FALSE()) -> Tall de paviment | H25: =+VLOOKUP($A25,BASEdades!$A$3:$AA$283,7,FALSE()) -> 5.7 | I25: =#REF!*H25 -> #REF!
D26: =+VLOOKUP($A25,BASEdades!$A$3:$AA$283,4,FALSE()) -> Execució de tall en paviment de qualsevol tipus, de 10cm de fondària com a mínim, amb màquina tallajunts amb disc de diamant per a paviment, per a delimitar la zona a demolir, i càrrega manual sobre camió o contenidor
D27: =+VLOOKUP($A25,BASEdades!$A$3:$AA$283,6,FALSE()) -> .
D28: Talladora de paviment | E28: =+VLOOKUP($D28,PREUS!$B$1:$F$589,3,FALSE()) -> 42.15 | F28: =+VLOOKUP($D28,PREUS!$B$1:$F$589,4,FALSE()) -> h | G28: 0.0804 | H28: =E28*G28 -> 3.38886
D29: Ajudant construcció d'obra civil | E29: =+VLOOKUP($D29,PREUS!$B$1:$F$589,3,FALSE()) -> 27.39 | F29: =+VLOOKUP($D29,PREUS!$B$1:$F$589,4,FALSE()) -> h | G29: 0.0804 | H29: =E29*G29 -> 2.202156
D30: Costos directes complementaris | E30: =SUM(H28:H29) -> 5.591016 | F30: % | G30: 0.02 | H30: =E30*G30 -> 0.11182032
A32: demolició solera formigó | C32: =+VLOOKUP($A32,BASEdades!$A$3:$AA$283,3,FALSE()) -> m2 | D32: =+VLOOKUP($A32,BASEdades!$A$3:$AA$298,2,FALSE()) -> Demolició de solera de formigó | H32: =+VLOOKUP($A32,BASEdades!$A$3:$AA$283,7,FALSE()) -> 15 | I32: =#REF!*H32 -> #REF!
D33: =+VLOOKUP($A32,BASEdades!$A$3:$AA$283,4,FALSE()) -> Demolició de solera de formigó en massa de fins a 15cm, mitjançant retroexcavadora amb martell picador. El preu inclou el picat i estesa del material per ser utilitzat com a grava de drenatge.
D34: =+VLOOKUP($A32,BASEdades!$A$3:$AA$283,6,FALSE()) -> .
D35: Martell pneumàtic | E35: =+VLOOKUP($D35,PREUS!$B$1:$F$589,3,FALSE()) -> 4.57 | F35: =+VLOOKUP($D35,PREUS!$B$1:$F$589,4,FALSE()) -> h | G35: 0.1 | H35: =E35*G35 -> 0.457
D36: Compressor portàtil elèctric 2m3/min de cabal | E36: =+VLOOKUP($D36,PREUS!$B$1:$F$589,3,FALSE()) -> 4.27 | F36: =+VLOOKUP($D36,PREUS!$B$1:$F$589,4,FALSE()) -> h | G36: 0.1 | H36: =E36*G36 -> 0.427
D37: Peó especialitzat construcció | E37: =+VLOOKUP($D37,PREUS!$B$1:$F$589,3,FALSE()) -> 26.64 | F37: =+VLOOKUP($D37,PREUS!$B$1:$F$589,4,FALSE()) -> h | G37: 0.2635 | H37: =E37*G37 -> 7.01964
D38: Peó ordinari construcció | E38: =+VLOOKUP($D38,PREUS!$B$1:$F$589,3,FALSE()) -> 25.8 | F38: =+VLOOKUP($D38,PREUS!$B$1:$F$589,4,FALSE()) -> h | G38: 0.2635 | H38: =E38*G38 -> 6.7983
D39: Costos directes complementaris | E39: =SUM(H35:H38) -> 14.70194 | F39: % | G39: 0.02 | H39: =E39*G39 -> 0.2940388
A42: mostreig | C42: =+VLOOKUP($A42,BASEdades!$A$3:$AA$283,3,FALSE()) -> ut | D42: =+VLOOKUP($A42,BASEdades!$A$3:$AA$298,2,FALSE()) -> Mostreig | H42: =+VLOOKUP($A42,BASEdades!$A$3:$AA$283,7,FALSE()) -> 135.39 | I42: =#REF!*H42 -> #REF!
D43: =+VLOOKUP($A42,BASEdades!$A$3:$AA$283,4,FALSE()) -> Mostreig, realització de con d'Abrams, elaboració de les provetes, cura, recapçament i assaig a compressió d'una sèrie de cinc provetes cilíndriques de 15x30 cm, segons la norma UNE-EN 12390-1, UNE-EN 12390-2, UNE-EN 12390-3, UNE-EN 12350-1 i UNE-EN 12350-2
D44: =+VLOOKUP($A42,BASEdades!$A$3:$AA$283,5,FALSE()) -> .
A46: rebaix fonaments i pous | C46: =+VLOOKUP($A46,BASEdades!$A$3:$AA$283,3,FALSE()) -> m3 | D46: =+VLOOKUP($A46,BASEdades!$A$3:$AA$298,2,FALSE()) -> Rebaix per a fonaments i pous | H46: =+VLOOKUP($A46,BASEdades!$A$3:$AA$283,7,FALSE()) -> 33.63 | I46: =#REF!*H46 -> #REF!
D47: =+VLOOKUP($A46,BASEdades!$A$3:$AA$283,4,FALSE()) -> Excavació a cel obert, en terra d'argila semidura, amb mitjans mecànics i càrrega a camió. El preu no inclou el transport dels materials excavats. Excavació de rases per a fonaments o pous, en terreny existent, amb mitjans mecànics adients, i càrrega sobre camió o contenidor.
D48: =+VLOOKUP($A46,BASEdades!$A$3:$AA$283,6,FALSE()) -> .
D49: Retrocarregadora sobre pneumàtics, de 70 kW | E49: =+VLOOKUP($D49,PREUS!$B$1:$F$589,3,FALSE()) -> 41.71 | F49: =+VLOOKUP($D49,PREUS!$B$1:$F$589,4,FALSE()) -> h | G49: 0.47 | H49: =E49*G49 -> 19.6037
D50: Ajudant construcció d'obra civil | E50: =+VLOOKUP($D50,PREUS!$B$1:$F$589,3,FALSE()) -> 27.39 | F50: =+VLOOKUP($D50,PREUS!$B$1:$F$589,4,FALSE()) -> h | G50: 0.488 | H50: =E50*G50 -> 13.36632
D51: Costos directes complementaris | E51: =SUM(H49:H50) -> 32.97002 | F51: % | G51: 0.02 | H51: =E51*G51 -> 0.6594004
A54: fonament formigó | C54: =+VLOOKUP($A54,BASEdades!$A$3:$AA$283,3,FALSE()) -> m3 | D54: =+VLOOKUP($A54,BASEdades!$A$3:$AA$298,2,FALSE()) -> Fonament de formigó HA-25 | H54: =+VLOOKUP($A54,BASEdades!$A$3:$AA$283,7,FALSE()) -> 265 | I54: =#REF!*H54 -> #REF!
D55: =+VLOOKUP($A54,BASEdades!$A$3:$AA$283,4,FALSE()) -> Fonament de formigÃ³ armat HA-25/B/20/IIa abocat des de camiÃ³ o qualsevol altre mitjÃ alternatiu, amb armadura de fonament i esperes de murs que arrenquen del fonament amb barres tipus AP500 S de lÃ­mit elÃ stic > = 500 N / mm2 d'acer en barres corrugades, amb una quantia de fins a 45 kg/mÂ³ (comprovada i validada per el contractista) i encofrat si Ã©s necessari per la tipologia del terreny amb tauler de fusta o qualsevol altre sistema. S'inclouen tots els elements necessaris per a la realització del fonament: formigó, acer, encofrat, perforacions, connectors i qualsevol altre element o treball auxiliar necessari per a la seva execució.
D56: =+VLOOKUP($A54,BASEdades!$A$3:$AA$283,6,FALSE()) -> .
D57: Formigó HA-25/F/20/XC2, fabricat en central | E57: =+VLOOKUP($D57,PREUS!$B$1:$F$589,3,FALSE()) -> 92.2 | F57: =+VLOOKUP($D57,PREUS!$B$1:$F$589,4,FALSE()) -> m3 | G57: 1.1 | H57: =E57*G57 -> 101.42
D58: Ferralla en barres corrugades | E58: =+VLOOKUP($D58,PREUS!$B$1:$F$589,3,FALSE()) -> 1.6 | F58: =+VLOOKUP($D58,PREUS!$B$1:$F$589,4,FALSE()) -> kg | G58: 50 | H58: =E58*G58 -> 80
D59: Oficial 1ª ferrallista | E59: =+VLOOKUP($D59,PREUS!$B$1:$F$589,3,FALSE()) -> 30.76 | F59: =+VLOOKUP($D59,PREUS!$B$1:$F$589,4,FALSE()) -> h | G59: 0.15 | H59: =E59*G59 -> 4.614
D60: Ajudant ferrallista | E60: =+VLOOKUP($D60,PREUS!$B$1:$F$589,3,FALSE()) -> 27.36 | F60: =+VLOOKUP($D60,PREUS!$B$1:$F$589,4,FALSE()) -> h | G60: 0.15 | H60: =E60*G60 -> 4.104
D61: Oficial 1ª construcció | E61: =+VLOOKUP($D61,PREUS!$B$1:$F$589,3,FALSE()) -> 30.79 | F61: =+VLOOKUP($D61,PREUS!$B$1:$F$589,4,FALSE()) -> h | G61: 1.2 | H61: =E61*G61 -> 36.948
D62: Ajudant construcció d'obra civil | E62: =+VLOOKUP($D62,PREUS!$B$1:$F$589,3,FALSE()) -> 27.39 | F62: =+VLOOKUP($D62,PREUS!$B$1:$F$589,4,FALSE()) -> h | G62: 1.1945 | H62: =E62*G62 -> 32.717355
D63: Costos directes complementaris | E63: =SUM(H56:H62) -> 259.80336 | F63: % | G63: 0.02 | H63: =E63*G63 -> 5.1960671
A67: acer kg bigues | C67: =+VLOOKUP($A67,BASEdades!$A$3:$AA$283,3,FALSE()) -> kg | D67: =+VLOOKUP($A67,BASEdades!$A$3:$AA$298,2,FALSE()) -> Acer en bigues | H67: =+VLOOKUP($A67,BASEdades!$A$3:$AA$283,7,FALSE()) -> 3.192 | I67: =#REF!*H67 -> #REF!
D68: =+VLOOKUP($A67,BASEdades!$A$3:$AA$283,4,FALSE()) -> Acer UNE-EN 10025 S275JR, en bigues formades por peces simples de perfils laminats en calent de les sèries IPN, IPE, HEB, HEA, HEM o UPN, acabat amb emprimació antioxidant, amb unions soldades en obra, a una altura de fins a 3 m.
D69: =+VLOOKUP($A67,BASEdades!$A$3:$AA$283,5,FALSE()) -> .Mides : segons disseny
D70: Acer laminat | E70: =+VLOOKUP($D70,PREUS!$B$1:$F$589,3,FALSE()) -> 1.54 | F70: =+VLOOKUP($D70,PREUS!$B$1:$F$589,4,FALSE()) -> kg | G70: 1 | H70: =E70*G70 -> 1.54
D71: Equip i elements auxiliars per soldadura elèctrica | E71: =+VLOOKUP($D71,PREUS!$B$1:$F$589,3,FALSE()) -> 3.42 | F71: =+VLOOKUP($D71,PREUS!$B$1:$F$589,4,FALSE()) -> h | G71: 0.04 | H71: =E71*G71 -> 0.1368
D72: Oficial 1ª muntador d'estructura metàl·lica | E72: =+VLOOKUP($D72,PREUS!$B$1:$F$589,3,FALSE()) -> 30.76 | F72: =+VLOOKUP($D72,PREUS!$B$1:$F$589,4,FALSE()) -> h | G72: 0.0365 | H72: =E72*G72 -> 1.12274
D73: Ajudant muntador d'estructura metàl·lica | E73: =+VLOOKUP($D73,PREUS!$B$1:$F$589,3,FALSE()) -> 27.36 | F73: =+VLOOKUP($D73,PREUS!$B$1:$F$589,4,FALSE()) -> h | G73: 0.012 | H73: =E73*G73 -> 0.32832
D74: Costos directes complementaris | E74: =SUM(H70:H73) -> 3.12786 | F74: % | G74: 0.02 | H74: =E74*G74 -> 0.0625572
A76: pintat esmalt | C76: =+VLOOKUP($A76,BASEdades!$A$3:$AA$283,3,FALSE()) -> m2 | D76: =+VLOOKUP($A76,BASEdades!$A$3:$AA$298,2,FALSE()) -> Pintat perfils metàl·lics | H76: =+VLOOKUP($A76,BASEdades!$A$3:$AA$283,7,FALSE()) -> 32.29 | I76: =#REF!*H76 -> #REF!
D77: =+VLOOKUP($A76,BASEdades!$A$3:$AA$283,4,FALSE()) -> Aplicació manual de dues mans d'esmalt sintètic d'assecat ràpid, a base de resines alquídiques, color blanc, acabat brillant, (rendiment: 0,077 l/m² cada mà); prèvia aplicació d'una mà d'emprimació sintètica antioxidant d'assecat ràpid, a base de resines alquídiques, color gris, acabat mat (rendiment: 0,125 l/m²), sobre biga formada per peces simples de perfils laminats d'acer.
D78: =+VLOOKUP($A76,BASEdades!$A$3:$AA$283,5,FALSE()) -> .
D79: Pintura esmalt per exterior | E79: =+VLOOKUP($D79,PREUS!$B$1:$F$589,3,FALSE()) -> 13.28 | F79: =+VLOOKUP($D79,PREUS!$B$1:$F$589,4,FALSE()) -> l | G79: 0.154 | H79: =E79*G79 -> 2.04512
D80: Oficial 1ª pintor | E80: =+VLOOKUP($D80,PREUS!$B$1:$F$589,3,FALSE()) -> 30.79 | F80: =+VLOOKUP($D80,PREUS!$B$1:$F$589,4,FALSE()) -> h | G80: 0.8 | H80: =E80*G80 -> 24.632
D81: Ajudant pintor | E81: =+VLOOKUP($D81,PREUS!$B$1:$F$589,3,FALSE()) -> 27.39 | F81: =+VLOOKUP($D81,PREUS!$B$1:$F$589,4,FALSE()) -> h | G81: 0.164 | H81: =E81*G81 -> 4.49196
D82: Elevador de braç articulat | E82: =+VLOOKUP($D82,PREUS!$B$1:$F$589,3,FALSE()) -> 129.04 | F82: =+VLOOKUP($D82,PREUS!$B$1:$F$589,4,FALSE()) -> u | G82: 0.01 | H82: =E82*G82 -> 1.2904
D83: Costos directes complementaris | E83: =SUM(H77:H80) -> 26.67712 | F83: % | G83: 0.02 | H83: =E83*G83 -> 0.5335424
A86: reblert | C86: =+VLOOKUP($A86,BASEdades!$A$3:$AA$283,3,FALSE()) -> m3 | D86: =+VLOOKUP($A86,BASEdades!$A$3:$AA$298,2,FALSE()) -> Reomplert localitzat amb àrids reciclats | H86: =+VLOOKUP($A86,BASEdades!$A$3:$AA$283,7,FALSE()) -> 32.48 | I86: =#REF!*H86 -> #REF!
D87: =+VLOOKUP($A86,BASEdades!$A$3:$AA$283,4,FALSE()) -> Reomplert localitzat amb àrid reciclat mixt de formigó i material ceràmic de 40 a 80 mm de diàmetre i compactació en tongades successives de 20 cm d'espessor màxim amb picó vibrant de guiat manual.
D88: =+VLOOKUP($A86,BASEdades!$A$3:$AA$283,5,FALSE()) -> .
D89: Àrid reciclat | E89: =+VLOOKUP($D89,PREUS!$B$1:$F$589,3,FALSE()) -> 9.66 | F89: =+VLOOKUP($D89,PREUS!$B$1:$F$589,4,FALSE()) -> t | G89: 2 | H89: =E89*G89 -> 19.32
D90: Aigua | E90: =+VLOOKUP($D90,PREUS!$B$1:$F$589,3,FALSE()) -> 1.5 | F90: =+VLOOKUP($D90,PREUS!$B$1:$F$589,4,FALSE()) -> m3 | G90: 0.008 | H90: =E90*G90 -> 0.012
D91: Mini pala carregadora sobre pneumàtics, de 52 kW/1 m³ kW | E91: =+VLOOKUP($D91,PREUS!$B$1:$F$589,3,FALSE()) -> 36.8 | F91: =+VLOOKUP($D91,PREUS!$B$1:$F$589,4,FALSE()) -> h | G91: 0.025 | H91: =E91*G91 -> 0.92
D92: Picó vibrant de guiat manual, de 80 kg, amb placa de 30x30 cm, tipus piconadora de granota | E92: =+VLOOKUP($D92,PREUS!$B$1:$F$589,3,FALSE()) -> 3.92 | F92: =+VLOOKUP($D92,PREUS!$B$1:$F$589,4,FALSE()) -> h | G92: 0.325 | H92: =E92*G92 -> 1.274
D93: Peó ordinari construcció | E93: =+VLOOKUP($D93,PREUS!$B$1:$F$589,3,FALSE()) -> 25.8 | F93: =+VLOOKUP($D93,PREUS!$B$1:$F$589,4,FALSE()) -> h | G93: 0.4 | H93: =E93*G93 -> 10.32
D94: Costos directes complementaris | E94: =SUM(H89:H93) -> 31.846 | F94: % | G94: 0.02 | H94: =E94*G94 -> 0.63692
A96: subbase grava | C96: =+VLOOKUP($A96,BASEdades!$A$3:$AA$283,3,FALSE()) -> m2 | D96: =+VLOOKUP($A96,BASEdades!$A$3:$AA$298,2,FALSE()) -> Subbase de grava 15cm | H96: =+VLOOKUP($A96,BASEdades!$A$3:$AA$283,7,FALSE()) -> 15.315 | I96: =#REF!*H96 -> #REF!
D97: =+VLOOKUP($A96,BASEdades!$A$3:$AA$283,4,FALSE()) -> Subbase de grava de pedrera de pedra granítica de 15 cm de gruix i, grandària màxima de 50 a 70 mm, amb estesa i piconatge del material.
D98: =+VLOOKUP($A96,BASEdades!$A$3:$AA$283,5,FALSE()) -> .
D99: Grava 40/70 | E99: =+VLOOKUP($D99,PREUS!$B$1:$F$589,3,FALSE()) -> 22.39 | F99: =+VLOOKUP($D99,PREUS!$B$1:$F$589,4,FALSE()) -> m3 | G99: 0.15 | H99: =E99*G99 -> 3.3585
D100: Picó vibrant de guiat manual, de 80 kg, amb placa de 30x30 cm, tipus piconadora de granota | E100: =+VLOOKUP($D100,PREUS!$B$1:$F$589,3,FALSE()) -> 3.92 | F100: =+VLOOKUP($D100,PREUS!$B$1:$F$589,4,FALSE()) -> h | G100: 0.341 | H100: =E100*G100 -> 1.33672
D101: Peó ordinari construcció | E101: =+VLOOKUP($D101,PREUS!$B$1:$F$589,3,FALSE()) -> 25.8 | F101: =+VLOOKUP($D101,PREUS!$B$1:$F$589,4,FALSE()) -> h | G101: 0.4 | H101: =E101*G101 -> 10.32
D102: Costos directes complementaris | E102: =SUM(H99:H101) -> 15.01522 | F102: % | G102: 0.02 | H102: =E102*G102 -> 0.3003044
A104: làmina separadora | C104: =+VLOOKUP($A104,BASEdades!$A$3:$AA$283,3,FALSE()) -> m2 | D104: =+VLOOKUP($A104,BASEdades!$A$3:$AA$298,2,FALSE()) -> Làmina separadora polietilè | H104: =+VLOOKUP($A104,BASEdades!$A$3:$AA$283,7,FALSE()) -> 2.3 | I104: =#REF!*H104 -> #REF!
D105: =+VLOOKUP($A104,BASEdades!$A$3:$AA$283,4,FALSE()) -> Làmina separadora de polietilè de 150 μm i 144 g/m2, col·locada no adherida
D106: =+VLOOKUP($A104,BASEdades!$A$3:$AA$283,5,FALSE()) -> .
D107: Film impermeable de polietilè | E107: =+VLOOKUP($D107,PREUS!$B$1:$F$589,3,FALSE()) -> 0.57 | F107: =+VLOOKUP($D107,PREUS!$B$1:$F$589,4,FALSE()) -> m2 | G107: 1.15 | H107: =E107*G107 -> 0.6555
D108: Oficial 1ª construcció | E108: =+VLOOKUP($D108,PREUS!$B$1:$F$589,3,FALSE()) -> 30.79 | F108: =+VLOOKUP($D108,PREUS!$B$1:$F$589,4,FALSE()) -> h | G108: 0.0353 | H108: =E108*G108 -> 1.086887
D109: Peó ordinari construcció | E109: =+VLOOKUP($D109,PREUS!$B$1:$F$589,3,FALSE()) -> 25.8 | F109: =+VLOOKUP($D109,PREUS!$B$1:$F$589,4,FALSE()) -> h | G109: 0.02 | H109: =E109*G109 -> 0.516
D110: Costos directes complementaris | E110: =SUM(H107:H109) -> 2.258387 | F110: % | G110: 0.02 | H110: =E110*G110 -> 0.04516774
A112: solera raspatllat | C112: =+VLOOKUP($A112,BASEdades!$A$3:$AA$283,3,FALSE()) -> m2 | D112: =+VLOOKUP($A112,BASEdades!$A$3:$AA$298,2,FALSE()) -> Solera de formigó amb acabat raspatllat | H112: =+VLOOKUP($A112,BASEdades!$A$3:$AA$283,7,FALSE()) -> 35.12 | I112: =#REF!*H112 -> #REF!
D113: =+VLOOKUP($A112,BASEdades!$A$3:$AA$283,4,FALSE()) -> Paviment de formigó amb fibres de polipropilè monofilamentoses, amb aditiu, per a paviment continu i rampes, de 15 cm de gruix, tipus HAF-30/F/12/IIa+E, amb fibres sintètiques amb una quantia de 600 gr/m³, abocat des de camió o qualsevol altre mitjà alternatiu, mestrejat i acabat amb regle vibrat i posterior raspatllat per deixar la textura indicada per la DF. Inclou armadura interior tipus AP500SD amb malla electrosoldada ME 15x15 cm D:6-6 mm B500SD UNE-EN 10080
D114: =+VLOOKUP($A112,BASEdades!$A$3:$AA$283,5,FALSE()) -> .
D115: Malla electrosoldada 20x20 Ø 5 | E115: =+VLOOKUP($D115,PREUS!$B$1:$F$589,3,FALSE()) -> 2.52 | F115: =+VLOOKUP($D115,PREUS!$B$1:$F$589,4,FALSE()) -> m2 | G115: 1 | H115: =E115*G115 -> 2.52
D116: Formigó HA-25/F/20/XC2, fabricat en central | E116: =+VLOOKUP($D116,PREUS!$B$1:$F$589,3,FALSE()) -> 92.2 | F116: =+VLOOKUP($D116,PREUS!$B$1:$F$589,4,FALSE()) -> m3 | G116: 0.15 | H116: =E116*G116 -> 13.83
D117: Regla vibrant de 3 m | E117: =+VLOOKUP($D117,PREUS!$B$1:$F$589,3,FALSE()) -> 5.23 | F117: =+VLOOKUP($D117,PREUS!$B$1:$F$589,4,FALSE()) -> h | G117: 0.105 | H117: =E117*G117 -> 0.54915
D118: Arremolinadora mecànica de formigó | E118: =+VLOOKUP($D118,PREUS!$B$1:$F$589,3,FALSE()) -> 5.68 | F118: =+VLOOKUP($D118,PREUS!$B$1:$F$589,4,FALSE()) -> h | G118: 0.13 | H118: =E118*G118 -> 0.7384
D119: Oficial 1ª construcció | E119: =+VLOOKUP($D119,PREUS!$B$1:$F$589,3,FALSE()) -> 30.79 | F119: =+VLOOKUP($D119,PREUS!$B$1:$F$589,4,FALSE()) -> h | G119: 0.2 | H119: =E119*G119 -> 6.158
D120: Peó ordinari construcció | E120: =+VLOOKUP($D120,PREUS!$B$1:$F$589,3,FALSE()) -> 25.8 | F120: =+VLOOKUP($D120,PREUS!$B$1:$F$589,4,FALSE()) -> h | G120: 0.2 | H120: =E120*G120 -> 5.16
D121: Ajudant construcció d'obra civil | E121: =+VLOOKUP($D121,PREUS!$B$1:$F$589,3,FALSE()) -> 27.39 | F121: =+VLOOKUP($D121,PREUS!$B$1:$F$589,4,FALSE()) -> h | G121: 0.2 | H121: =E121*G121 -> 5.478
D122: Costos directes complementaris | E122: =SUM(H115:H121) -> 34.43355 | F122: % | G122: 0.02 | H122: =E122*G122 -> 0.688671
A124: acabat peces abuixardat | C124: =+VLOOKUP($A124,BASEdades!$A$3:$AA$283,3,FALSE()) -> m2 | D124: =+VLOOKUP($A124,BASEdades!$A$3:$AA$298,2,FALSE()) -> Paviment exterior formigó abuixardat | H124: =+VLOOKUP($A124,BASEdades!$A$3:$AA$283,7,FALSE()) -> 52.02 | I124: =#REF!*H124 -> #REF!
...

Sheet QUADRE PREUS 2
B1: =PORTADA_PTO!A17 -> VALORACIÓ ECONÒMICA
B2: =PORTADA_PTO!A18 -> TRANSFORMACIÓ DELS ESPAIS EXTERIORS DE L’ESCOLA BRESSOL MUNICIPAL DE ROCAFONDA
B3: =PORTADA_PTO!E14 -> MATARÓ
B7: QUADRE DE PREUS 2
A9: CODI BASE DADES | C9: Un | D9: Descripció | H9: € un. | I9: IMPORT TOTAL (PEM)
A11: retirada tanca metàl·lica | C11: =+VLOOKUP($A11,BASEdades!$A$3:$AA$283,3,FALSE()) -> m | D11: =+VLOOKUP($A11,BASEdades!$A$3:$AA$283,2,FALSE()) -> Retirada de tanca metàl·lica existent | H11: =+VLOOKUP($A11,BASEdades!$A$3:$AA$283,7,FALSE()) -> 20 | I11: =#REF!*H11 -> #REF!
D12: =+VLOOKUP($A11,BASEdades!$A$3:$AA$283,4,FALSE()) -> Retirada de reixat metàl·lic de fins a 2 m d'alçària, com a màxim, sense enderroc de daus de formigó, a mà i càrrega manual i mecànica de runa sobre camió o contenidor
D13: =+VLOOKUP($A11,BASEdades!$A$3:$AA$283,5,FALSE()) -> .Mides de la tanca: mòduls 1.5m x 1m
D14: Peó ordinari construcció | E14: =+VLOOKUP($D14,PREUS!$B$1:$F$589,3,FALSE()) -> 25.8 | F14: =+VLOOKUP($D14,PREUS!$B$1:$F$589,4,FALSE()) -> h | G14: 0.76 | H14: =E14*G14 -> 19.608
D15: Costos directes complementaris | E15: =H14 -> 19.608 | F15: % | G15: 0.02 | H15: =E15*G15 -> 0.39216
A18: paleteria | C18: =+VLOOKUP($A18,BASEdades!$A$3:$AA$283,3,FALSE()) -> h | D18: =+VLOOKUP($A18,BASEdades!$A$3:$AA$283,2,FALSE()) -> Ajudes de paleta | H18: =+VLOOKUP($A18,BASEdades!$A$3:$AA$283,7,FALSE()) -> 57.72 | I18: =#REF!*H18 -> #REF!
D19: =+VLOOKUP($A18,BASEdades!$A$3:$AA$283,4,FALSE()) -> Jornada d'ajudes de paleta. Oficial i peò.
D20: =+VLOOKUP($A18,BASEdades!$A$3:$AA$283,5,FALSE()) -> .
D21: Oficial 1ª construcció | E21: =+VLOOKUP($D21,PREUS!$B$1:$F$589,3,FALSE()) -> 30.79 | F21: =+VLOOKUP($D21,PREUS!$B$1:$F$589,4,FALSE()) -> h | G21: 1 | H21: =E21*G21 -> 30.79
D22: Peó ordinari construcció | E22: =+VLOOKUP($D22,PREUS!$B$1:$F$589,3,FALSE()) -> 25.8 | F22: =+VLOOKUP($D22,PREUS!$B$1:$F$589,4,FALSE()) -> h | G22: 1 | H22: =E22*G22 -> 25.8
D23: Costos directes complementaris | E23: =SUM(H21:H22) -> 56.59 | F23: % | G23: 0.02 | H23: =E23*G23 -> 1.1318
A25: Tall de paviment | C25: =+VLOOKUP($A25,BASEdades!$A$3:$AA$283,3,FALSE()) -> m | D25: =+VLOOKUP($A25,BASEdades!$A$3:$AA$298,2,FALSE()) -> Tall de paviment | H25: =+VLOOKUP($A25,BASEdades!$A$3:$AA$283,7,FALSE()) -> 5.7 | I25: =#REF!*H25 -> #REF!
D26: =+VLOOKUP($A25,BASEdades!$A$3:$AA$283,4,FALSE()) -> Execució de tall en paviment de qualsevol tipus, de 10cm de fondària com a mínim, amb màquina tallajunts amb disc de diamant per a paviment, per a delimitar la zona a demolir, i càrrega manual sobre camió o contenidor
D27: =+VLOOKUP($A25,BASEdades!$A$3:$AA$283,6,FALSE()) -> .
D28: Talladora de paviment | E28: =+VLOOKUP($D28,PREUS!$B$1:$F$589,3,FALSE()) -> 42.15 | F28: =+VLOOKUP($D28,PREUS!$B$1:$F$589,4,FALSE()) -> h | G28: 0.0804 | H28: =E28*G28 -> 3.38886
D29: Ajudant construcció d'obra civil | E29: =+VLOOKUP($D29,PREUS!$B$1:$F$589,3,FALSE()) -> 27.39 | F29: =+VLOOKUP($D29,PREUS!$B$1:$F$589,4,FALSE()) -> h | G29: 0.0804 | H29: =E29*G29 -> 2.202156
D30: Costos directes complementaris | E30: =SUM(H28:H29) -> 5.591016 | F30: % | G30: 0.02 | H30: =E30*G30 -> 0.11182032
A32: demolició solera formigó | C32: =+VLOOKUP($A32,BASEdades!$A$3:$AA$283,3,FALSE()) -> m2 | D32: =+VLOOKUP($A32,BASEdades!$A$3:$AA$298,2,FALSE()) -> Demolició de solera de formigó | H32: =+VLOOKUP($A32,BASEdades!$A$3:$AA$283,7,FALSE()) -> 15 | I32: =#REF!*H32 -> #REF!
D33: =+VLOOKUP($A32,BASEdades!$A$3:$AA$283,4,FALSE()) -> Demolició de solera de formigó en massa de fins a 15cm, mitjançant retroexcavadora amb martell picador. El preu inclou el picat i estesa del material per ser utilitzat com a grava de drenatge.
D34: =+VLOOKUP($A32,BASEdades!$A$3:$AA$283,6,FALSE()) -> .
D35: Martell pneumàtic | E35: =+VLOOKUP($D35,PREUS!$B$1:$F$589,3,FALSE()) -> 4.57 | F35: =+VLOOKUP($D35,PREUS!$B$1:$F$589,4,FALSE()) -> h | G35: 0.1 | H35: =E35*G35 -> 0.457
D36: Compressor portàtil elèctric 2m3/min de cabal | E36: =+VLOOKUP($D36,PREUS!$B$1:$F$589,3,FALSE()) -> 4.27 | F36: =+VLOOKUP($D36,PREUS!$B$1:$F$589,4,FALSE()) -> h | G36: 0.1 | H36: =E36*G36 -> 0.427
D37: Peó especialitzat construcció | E37: =+VLOOKUP($D37,PREUS!$B$1:$F$589,3,FALSE()) -> 26.64 | F37: =+VLOOKUP($D37,PREUS!$B$1:$F$589,4,FALSE()) -> h | G37: 0.2635 | H37: =E37*G37 -> 7.01964
D38: Peó ordinari construcció | E38: =+VLOOKUP($D38,PREUS!$B$1:$F$589,3,FALSE()) -> 25.8 | F38: =+VLOOKUP($D38,PREUS!$B$1:$F$589,4,FALSE()) -> h | G38: 0.2635 | H38: =E38*G38 -> 6.7983
D39: Costos directes complementaris | E39: =SUM(H35:H38) -> 14.70194 | F39: % | G39: 0.02 | H39: =E39*G39 -> 0.2940388
A42: mostreig | C42: =+VLOOKUP($A42,BASEdades!$A$3:$AA$283,3,FALSE()) -> ut | D42: =+VLOOKUP($A42,BASEdades!$A$3:$AA$298,2,FALSE()) -> Mostreig | H42: =+VLOOKUP($A42,BASEdades!$A$3:$AA$283,7,FALSE()) -> 135.39 | I42: =#REF!*H42 -> #REF!
D43: =+VLOOKUP($A42,BASEdades!$A$3:$AA$283,4,FALSE()) -> Mostreig, realització de con d'Abrams, elaboració de les provetes, cura, recapçament i assaig a compressió d'una sèrie de cinc provetes cilíndriques de 15x30 cm, segons la norma UNE-EN 12390-1, UNE-EN 12390-2, UNE-EN 12390-3, UNE-EN 12350-1 i UNE-EN 12350-2
D44: =+VLOOKUP($A42,BASEdades!$A$3:$AA$283,5,FALSE()) -> .
A47: rebaix fonaments i pous | C47: =+VLOOKUP($A47,BASEdades!$A$3:$AA$283,3,FALSE()) -> m3 | D47: =+VLOOKUP($A47,BASEdades!$A$3:$AA$298,2,FALSE()) -> Rebaix per a fonaments i pous | H47: =+VLOOKUP($A47,BASEdades!$A$3:$AA$283,7,FALSE()) -> 33.63 | I47: =#REF!*H47 -> #REF!
D48: =+VLOOKUP($A47,BASEdades!$A$3:$AA$283,4,FALSE()) -> Excavació a cel obert, en terra d'argila semidura, amb mitjans mecànics i càrrega a camió. El preu no inclou el transport dels materials excavats. Excavació de rases per a fonaments o pous, en terreny existent, amb mitjans mecànics adients, i càrrega sobre camió o contenidor.
D49: =+VLOOKUP($A47,BASEdades!$A$3:$AA$283,6,FALSE()) -> .
D50: Retrocarregadora sobre pneumàtics, de 70 kW | E50: =+VLOOKUP($D50,PREUS!$B$1:$F$589,3,FALSE()) -> 41.71 | F50: =+VLOOKUP($D50,PREUS!$B$1:$F$589,4,FALSE()) -> h | G50: 0.47 | H50: =E50*G50 -> 19.6037
D51: Ajudant construcció d'obra civil | E51: =+VLOOKUP($D51,PREUS!$B$1:$F$589,3,FALSE()) -> 27.39 | F51: =+VLOOKUP($D51,PREUS!$B$1:$F$589,4,FALSE()) -> h | G51: 0.488 | H51: =E51*G51 -> 13.36632
D52: Costos directes complementaris | E52: =SUM(H50:H51) -> 32.97002 | F52: % | G52: 0.02 | H52: =E52*G52 -> 0.6594004
A55: fonament formigó | C55: =+VLOOKUP($A55,BASEdades!$A$3:$AA$283,3,FALSE()) -> m3 | D55: =+VLOOKUP($A55,BASEdades!$A$3:$AA$298,2,FALSE()) -> Fonament de formigó HA-25 | H55: =+VLOOKUP($A55,BASEdades!$A$3:$AA$283,7,FALSE()) -> 265 | I55: =#REF!*H55 -> #REF!
D56: =+VLOOKUP($A55,BASEdades!$A$3:$AA$283,4,FALSE()) -> Fonament de formigÃ³ armat HA-25/B/20/IIa abocat des de camiÃ³ o qualsevol altre mitjÃ alternatiu, amb armadura de fonament i esperes de murs que arrenquen del fonament amb barres tipus AP500 S de lÃ­mit elÃ stic > = 500 N / mm2 d'acer en barres corrugades, amb una quantia de fins a 45 kg/mÂ³ (comprovada i validada per el contractista) i encofrat si Ã©s necessari per la tipologia del terreny amb tauler de fusta o qualsevol altre sistema. S'inclouen tots els elements necessaris per a la realització del fonament: formigó, acer, encofrat, perforacions, connectors i qualsevol altre element o treball auxiliar necessari per a la seva execució.
D57: =+VLOOKUP($A55,BASEdades!$A$3:$AA$283,6,FALSE()) -> .
D58: Formigó HA-25/F/20/XC2, fabricat en central | E58: =+VLOOKUP($D58,PREUS!$B$1:$F$589,3,FALSE()) -> 92.2 | F58: =+VLOOKUP($D58,PREUS!$B$1:$F$589,4,FALSE()) -> m3 | G58: 1.1 | H58: =E58*G58 -> 101.42
D59: Ferralla en barres corrugades | E59: =+VLOOKUP($D59,PREUS!$B$1:$F$589,3,FALSE()) -> 1.6 | F59: =+VLOOKUP($D59,PREUS!$B$1:$F$589,4,FALSE()) -> kg | G59: 50 | H59: =E59*G59 -> 80
D60: Oficial 1ª ferrallista | E60: =+VLOOKUP($D60,PREUS!$B$1:$F$589,3,FALSE()) -> 30.76 | F60: =+VLOOKUP($D60,PREUS!$B$1:$F$589,4,FALSE()) -> h | G60: 0.15 | H60: =E60*G60 -> 4.614
D61: Ajudant ferrallista | E61: =+VLOOKUP($D61,PREUS!$B$1:$F$589,3,FALSE()) -> 27.36 | F61: =+VLOOKUP($D61,PREUS!$B$1:$F$589,4,FALSE()) -> h | G61: 0.15 | H61: =E61*G61 -> 4.104
D62: Oficial 1ª construcció | E62: =+VLOOKUP($D62,PREUS!$B$1:$F$589,3,FALSE()) -> 30.79 | F62: =+VLOOKUP($D62,PREUS!$B$1:$F$589,4,FALSE()) -> h | G62: 1.2 | H62: =E62*G62 -> 36.948
D63: Ajudant construcció d'obra civil | E63: =+VLOOKUP($D63,PREUS!$B$1:$F$589,3,FALSE()) -> 27.39 | F63: =+VLOOKUP($D63,PREUS!$B$1:$F$589,4,FALSE()) -> h | G63: 1.1945 | H63: =E63*G63 -> 32.717355
D64: Costos directes complementaris | E64: =SUM(H57:H63) -> 259.80336 | F64: % | G64: 0.02 | H64: =E64*G64 -> 5.1960671
A68: acer kg bigues | C68: =+VLOOKUP($A68,BASEdades!$A$3:$AA$283,3,FALSE()) -> kg | D68: =+VLOOKUP($A68,BASEdades!$A$3:$AA$298,2,FALSE()) -> Acer en bigues | H68: =+VLOOKUP($A68,BASEdades!$A$3:$AA$283,7,FALSE()) -> 3.192 | I68: =#REF!*H68 -> #REF!
D69: =+VLOOKUP($A68,BASEdades!$A$3:$AA$283,4,FALSE()) -> Acer UNE-EN 10025 S275JR, en bigues formades por peces simples de perfils laminats en calent de les sèries IPN, IPE, HEB, HEA, HEM o UPN, acabat amb emprimació antioxidant, amb unions soldades en obra, a una altura de fins a 3 m.
D70: =+VLOOKUP($A68,BASEdades!$A$3:$AA$283,5,FALSE()) -> .Mides : segons disseny
D71: Acer laminat | E71: =+VLOOKUP($D71,PREUS!$B$1:$F$589,3,FALSE()) -> 1.54 | F71: =+VLOOKUP($D71,PREUS!$B$1:$F$589,4,FALSE()) -> kg | G71: 1 | H71: =E71*G71 -> 1.54
D72: Equip i elements auxiliars per soldadura elèctrica | E72: =+VLOOKUP($D72,PREUS!$B$1:$F$589,3,FALSE()) -> 3.42 | F72: =+VLOOKUP($D72,PREUS!$B$1:$F$589,4,FALSE()) -> h | G72: 0.04 | H72: =E72*G72 -> 0.1368
D73: Oficial 1ª muntador d'estructura metàl·lica | E73: =+VLOOKUP($D73,PREUS!$B$1:$F$589,3,FALSE()) -> 30.76 | F73: =+VLOOKUP($D73,PREUS!$B$1:$F$589,4,FALSE()) -> h | G73: 0.0365 | H73: =E73*G73 -> 1.12274
D74: Ajudant muntador d'estructura metàl·lica | E74: =+VLOOKUP($D74,PREUS!$B$1:$F$589,3,FALSE()) -> 27.36 | F74: =+VLOOKUP($D74,PREUS!$B$1:$F$589,4,FALSE()) -> h | G74: 0.012 | H74: =E74*G74 -> 0.32832
D75: Costos directes complementaris | E75: =SUM(H71:H74) -> 3.12786 | F75: % | G75: 0.02 | H75: =E75*G75 -> 0.0625572
A77: pintat esmalt | C77: =+VLOOKUP($A77,BASEdades!$A$3:$AA$283,3,FALSE()) -> m2 | D77: =+VLOOKUP($A77,BASEdades!$A$3:$AA$298,2,FALSE()) -> Pintat perfils metàl·lics | H77: =+VLOOKUP($A77,BASEdades!$A$3:$AA$283,7,FALSE()) -> 32.29 | I77: =#REF!*H77 -> #REF!
D78: =+VLOOKUP($A77,BASEdades!$A$3:$AA$283,4,FALSE()) -> Aplicació manual de dues mans d'esmalt sintètic d'assecat ràpid, a base de resines alquídiques, color blanc, acabat brillant, (rendiment: 0,077 l/m² cada mà); prèvia aplicació d'una mà d'emprimació sintètica antioxidant d'assecat ràpid, a base de resines alquídiques, color gris, acabat mat (rendiment: 0,125 l/m²), sobre biga formada per peces simples de perfils laminats d'acer.
D79: =+VLOOKUP($A77,BASEdades!$A$3:$AA$283,5,FALSE()) -> .
D80: Pintura esmalt per exterior | E80: =+VLOOKUP($D80,PREUS!$B$1:$F$589,3,FALSE()) -> 13.28 | F80: =+VLOOKUP($D80,PREUS!$B$1:$F$589,4,FALSE()) -> l | G80: 0.154 | H80: =E80*G80 -> 2.04512
D81: Oficial 1ª pintor | E81: =+VLOOKUP($D81,PREUS!$B$1:$F$589,3,FALSE()) -> 30.79 | F81: =+VLOOKUP($D81,PREUS!$B$1:$F$589,4,FALSE()) -> h | G81: 0.8 | H81: =E81*G81 -> 24.632
D82: Ajudant pintor | E82: =+VLOOKUP($D82,PREUS!$B$1:$F$589,3,FALSE()) -> 27.39 | F82: =+VLOOKUP($D82,PREUS!$B$1:$F$589,4,FALSE()) -> h | G82: 0.164 | H82: =E82*G82 -> 4.49196
D83: Elevador de braç articulat | E83: =+VLOOKUP($D83,PREUS!$B$1:$F$589,3,FALSE()) -> 129.04 | F83: =+VLOOKUP($D83,PREUS!$B$1:$F$589,4,FALSE()) -> u | G83: 0.01 | H83: =E83*G83 -> 1.2904
D84: Costos directes complementaris | E84: =SUM(H78:H81) -> 26.67712 | F84: % | G84: 0.02 | H84: =E84*G84 -> 0.5335424
A87: reblert | C87: =+VLOOKUP($A87,BASEdades!$A$3:$AA$283,3,FALSE()) -> m3 | D87: =+VLOOKUP($A87,BASEdades!$A$3:$AA$298,2,FALSE()) -> Reomplert localitzat amb àrids reciclats | H87: =+VLOOKUP($A87,BASEdades!$A$3:$AA$283,7,FALSE()) -> 32.48 | I87: =#REF!*H87 -> #REF!
D88: =+VLOOKUP($A87,BASEdades!$A$3:$AA$283,4,FALSE()) -> Reomplert localitzat amb àrid reciclat mixt de formigó i material ceràmic de 40 a 80 mm de diàmetre i compactació en tongades successives de 20 cm d'espessor màxim amb picó vibrant de guiat manual.
D89: =+VLOOKUP($A87,BASEdades!$A$3:$AA$283,5,FALSE()) -> .
D90: Àrid reciclat | E90: =+VLOOKUP($D90,PREUS!$B$1:$F$589,3,FALSE()) -> 9.66 | F90: =+VLOOKUP($D90,PREUS!$B$1:$F$589,4,FALSE()) -> t | G90: 2 | H90: =E90*G90 -> 19.32
D91: Aigua | E91: =+VLOOKUP($D91,PREUS!$B$1:$F$589,3,FALSE()) -> 1.5 | F91: =+VLOOKUP($D91,PREUS!$B$1:$F$589,4,FALSE()) -> m3 | G91: 0.008 | H91: =E91*G91 -> 0.012
D92: Mini pala carregadora sobre pneumàtics, de 52 kW/1 m³ kW | E92: =+VLOOKUP($D92,PREUS!$B$1:$F$589,3,FALSE()) -> 36.8 | F92: =+VLOOKUP($D92,PREUS!$B$1:$F$589,4,FALSE()) -> h | G92: 0.025 | H92: =E92*G92 -> 0.92
D93: Picó vibrant de guiat manual, de 80 kg, amb placa de 30x30 cm, tipus piconadora de granota | E93: =+VLOOKUP($D93,PREUS!$B$1:$F$589,3,FALSE()) -> 3.92 | F93: =+VLOOKUP($D93,PREUS!$B$1:$F$589,4,FALSE()) -> h | G93: 0.325 | H93: =E93*G93 -> 1.274
D94: Peó ordinari construcció | E94: =+VLOOKUP($D94,PREUS!$B$1:$F$589,3,FALSE()) -> 25.8 | F94: =+VLOOKUP($D94,PREUS!$B$1:$F$589,4,FALSE()) -> h | G94: 0.4 | H94: =E94*G94 -> 10.32
D95: Costos directes complementaris | E95: =SUM(H90:H94) -> 31.846 | F95: % | G95: 0.02 | H95: =E95*G95 -> 0.63692
A97: subbase grava | C97: =+VLOOKUP($A97,BASEdades!$A$3:$AA$283,3,FALSE()) -> m2 | D97: =+VLOOKUP($A97,BASEdades!$A$3:$AA$298,2,FALSE()) -> Subbase de grava 15cm | H97: =+VLOOKUP($A97,BASEdades!$A$3:$AA$283,7,FALSE()) -> 15.315 | I97: =#REF!*H97 -> #REF!
D98: =+VLOOKUP($A97,BASEdades!$A$3:$AA$283,4,FALSE()) -> Subbase de grava de pedrera de pedra granítica de 15 cm de gruix i, grandària màxima de 50 a 70 mm, amb estesa i piconatge del material.
D99: =+VLOOKUP($A97,BASEdades!$A$3:$AA$283,5,FALSE()) -> .
D100: Grava 40/70 | E100: =+VLOOKUP($D100,PREUS!$B$1:$F$589,3,FALSE()) -> 22.39 | F100: =+VLOOKUP($D100,PREUS!$B$1:$F$589,4,FALSE()) -> m3 | G100: 0.15 | H100: =E100*G100 -> 3.3585
D101: Picó vibrant de guiat manual, de 80 kg, amb placa de 30x30 cm, tipus piconadora de granota | E101: =+VLOOKUP($D101,PREUS!$B$1:$F$589,3,FALSE()) -> 3.92 | F101: =+VLOOKUP($D101,PREUS!$B$1:$F$589,4,FALSE()) -> h | G101: 0.341 | H101: =E101*G101 -> 1.33672
D102: Peó ordinari construcció | E102: =+VLOOKUP($D102,PREUS!$B$1:$F$589,3,FALSE()) -> 25.8 | F102: =+VLOOKUP($D102,PREUS!$B$1:$F$589,4,FALSE()) -> h | G102: 0.4 | H102: =E102*G102 -> 10.32
D103: Costos directes complementaris | E103: =SUM(H100:H102) -> 15.01522 | F103: % | G103: 0.02 | H103: =E103*G103 -> 0.3003044
A105: làmina separadora | C105: =+VLOOKUP($A105,BASEdades!$A$3:$AA$283,3,FALSE()) -> m2 | D105: =+VLOOKUP($A105,BASEdades!$A$3:$AA$298,2,FALSE()) -> Làmina separadora polietilè | H105: =+VLOOKUP($A105,BASEdades!$A$3:$AA$283,7,FALSE()) -> 2.3 | I105: =#REF!*H105 -> #REF!
D106: =+VLOOKUP($A105,BASEdades!$A$3:$AA$283,4,FALSE()) -> Làmina separadora de polietilè de 150 μm i 144 g/m2, col·locada no adherida
D107: =+VLOOKUP($A105,BASEdades!$A$3:$AA$283,5,FALSE()) -> .
D108: Film impermeable de polietilè | E108: =+VLOOKUP($D108,PREUS!$B$1:$F$589,3,FALSE()) -> 0.57 | F108: =+VLOOKUP($D108,PREUS!$B$1:$F$589,4,FALSE()) -> m2 | G108: 1.15 | H108: =E108*G108 -> 0.6555
D109: Oficial 1ª construcció | E109: =+VLOOKUP($D109,PREUS!$B$1:$F$589,3,FALSE()) -> 30.79 | F109: =+VLOOKUP($D109,PREUS!$B$1:$F$589,4,FALSE()) -> h | G109: 0.0353 | H109: =E109*G109 -> 1.086887
D110: Peó ordinari construcció | E110: =+VLOOKUP($D110,PREUS!$B$1:$F$589,3,FALSE()) -> 25.8 | F110: =+VLOOKUP($D110,PREUS!$B$1:$F$589,4,FALSE()) -> h | G110: 0.02 | H110: =E110*G110 -> 0.516
D111: Costos directes complementaris | E111: =SUM(H108:H110) -> 2.258387 | F111: % | G111: 0.02 | H111: =E111*G111 -> 0.04516774
A113: solera raspatllat | C113: =+VLOOKUP($A113,BASEdades!$A$3:$AA$283,3,FALSE()) -> m2 | D113: =+VLOOKUP($A113,BASEdades!$A$3:$AA$298,2,FALSE()) -> Solera de formigó amb acabat raspatllat | H113: =+VLOOKUP($A113,BASEdades!$A$3:$AA$283,7,FALSE()) -> 35.12 | I113: =#REF!*H113 -> #REF!
D114: =+VLOOKUP($A113,BASEdades!$A$3:$AA$283,4,FALSE()) -> Paviment de formigó amb fibres de polipropilè monofilamentoses, amb aditiu, per a paviment continu i rampes, de 15 cm de gruix, tipus HAF-30/F/12/IIa+E, amb fibres sintètiques amb una quantia de 600 gr/m³, abocat des de camió o qualsevol altre mitjà alternatiu, mestrejat i acabat amb regle vibrat i posterior raspatllat per deixar la textura indicada per la DF. Inclou armadura interior tipus AP500SD amb malla electrosoldada ME 15x15 cm D:6-6 mm B500SD UNE-EN 10080
D115: =+VLOOKUP($A113,BASEdades!$A$3:$AA$283,5,FALSE()) -> .
D116: Malla electrosoldada 20x20 Ø 5 | E116: =+VLOOKUP($D116,PREUS!$B$1:$F$589,3,FALSE()) -> 2.52 | F116: =+VLOOKUP($D116,PREUS!$B$1:$F$589,4,FALSE()) -> m2 | G116: 1 | H116: =E116*G116 -> 2.52
D117: Formigó HA-25/F/20/XC2, fabricat en central | E117: =+VLOOKUP($D117,PREUS!$B$1:$F$589,3,FALSE()) -> 92.2 | F117: =+VLOOKUP($D117,PREUS!$B$1:$F$589,4,FALSE()) -> m3 | G117: 0.15 | H117: =E117*G117 -> 13.83
D118: Regla vibrant de 3 m | E118: =+VLOOKUP($D118,PREUS!$B$1:$F$589,3,FALSE()) -> 5.23 | F118: =+VLOOKUP($D118,PREUS!$B$1:$F$589,4,FALSE()) -> h | G118: 0.105 | H118: =E118*G118 -> 0.54915
D119: Arremolinadora mecànica de formigó | E119: =+VLOOKUP($D119,PREUS!$B$1:$F$589,3,FALSE()) -> 5.68 | F119: =+VLOOKUP($D119,PREUS!$B$1:$F$589,4,FALSE()) -> h | G119: 0.13 | H119: =E119*G119 -> 0.7384
D120: Oficial 1ª construcció | E120: =+VLOOKUP($D120,PREUS!$B$1:$F$589,3,FALSE()) -> 30.79 | F120: =+VLOOKUP($D120,PREUS!$B$1:$F$589,4,FALSE()) -> h | G120: 0.2 | H120: =E120*G120 -> 6.158
D121: Peó ordinari construcció | E121: =+VLOOKUP($D121,PREUS!$B$1:$F$589,3,FALSE()) -> 25.8 | F121: =+VLOOKUP($D121,PREUS!$B$1:$F$589,4,FALSE()) -> h | G121: 0.2 | H121: =E121*G121 -> 5.16
D122: Ajudant construcció d'obra civil | E122: =+VLOOKUP($D122,PREUS!$B$1:$F$589,3,FALSE()) -> 27.39 | F122: =+VLOOKUP($D122,PREUS!$B$1:$F$589,4,FALSE()) -> h | G122: 0.2 | H122: =E122*G122 -> 5.478
D123: Costos directes complementaris | E123: =SUM(H116:H122) -> 34.43355 | F123: % | G123: 0.02 | H123: =E123*G123 -> 0.688671
A125: acabat peces abuixardat | C125: =+VLOOKUP($A125,BASEdades!$A$3:$AA$283,3,FALSE()) -> m2 | D125: =+VLOOKUP($A125,BASEdades!$A$3:$AA$298,2,FALSE()) -> Paviment exterior formigó abuixardat | H125: =+VLOOKUP($A125,BASEdades!$A$3:$AA$283,7,FALSE()) -> 52.02 | I125: =#REF!*H125 -> #REF!
...

Sheet PREUS
B1: =PORTADA_PTO!E12 -> VALORACIÓ ECONÒMICA
B2: =PORTADA_PTO!A18 -> TRANSFORMACIÓ DELS ESPAIS EXTERIORS DE L’ESCOLA BRESSOL MUNICIPAL DE ROCAFONDA
B3: =PORTADA_PTO!E14 -> MATARÓ
D4: =PORTADA_PTO!E10 -> Barcelona, 13 maig dimecres
B7: JUSTIFICACIÓ
B9: Mà d'obra
B10: Oficial 1ª lampista | D10: 32 | E10: h
B11: Ajudant construcció d'obra civil | D11: 27.39 | E11: h
B12: Peó especialitzat construcció | D12: 26.64 | E12: h
B13: Peó ordinari construcció | D13: 25.8 | E13: h
B14: Oficial 1ª construcció | D14: 30.79 | E14: h
B15: Oficial 1ª muntador d'estructura metàl·lica | D15: 30.76 | E15: h
B16: Ajudant muntador d'estructura metàl·lica | D16: 27.36 | E16: h
B17: Ajudant ferrallista | D17: 27.36 | E17: h
B18: Oficial 1ª ferrallista | D18: 30.76 | E18: h
B19: Oficial 1ª muntador de tancaments industrials | D19: 31.79 | E19: h
B20: Ajudant muntador de tancaments industrials | D20: 27.39 | E20: h
B21: Oficial 1ª lampista | D21: 31.79 | E21: h
... B30: Oficial 1ª jardiner | D30: 30.76 | E30: h
B32: Equip i maquinària
B33: Martell pneumàtic | D33: 4.57 | E33: h
B34: Compressor portàtil elèctric 2m3/min de cabal | D34: 4.27 | E34: h
B35: Talladora de paviment | D35: 42.15 | E35: h
B36: Equip i elements auxiliars per soldadura elèctrica | D36: 3.42 | E36: h
B37: Mini pala carregadora sobre pneumàtics, de 52 kW/1 m³ kW | D37: 36.8 | E37: h
B38: Picó vibrant de guiat manual, de 80 kg, amb placa de 30x30 cm, tipus piconadora de granota | D38: 3.92 | E38: h
B39: Camió cisterna, de 8 m³ de capacitat | D39: 121.25 | E39: h
B40: Dúmper de descàrrega frontal de 2 t de càrrega útil | D40: 10.58 | E40: h
B41: Compactadora tàndem autopropulsat, de 63 kW, de 9,65 t, amplada de treball 168 cm | D41: 45.83 | E41: h
B42: Regla vibrant de 3 m | D42: 5.23 | E42: h
B43: Arremolinadora mecànica de formigó | D43: 5.68 | E43: h
B44: Formigonera elèctrica amb una capacitat de pastat de 160 l | D44: 3.45 | E44: h
... B49: Retroexcavadora | D49: 90.97 | E49: h
B50: Elevador de braç articulat | C50: Lloguer diari de cistell elevador de braç articulat, motor dièsel, de 16 m d'altura màxima de treball, inclús manteniment i assegurança de responsabilitat civil. | D50: 129.04 | E50: u
B52: Materials
B53: Acer laminat | C53: Acer laminat UNE-EN 10025 S275JR, en perfils laminats en calent, peces simples, per aplicacions estructurals, de les sèries IPN, IPE, HEB, HEA, HEM o UPN, acabat amb emprimació antioxidant. Treballat i muntat en taller, per a col·locar amb unions soldades en obra. | D53: 1.54 | E53: kg
B54: Acer laminat L LD T | C54: Acer laminat UNE-EN 10025 S275JR, en perfils laminats en calent, peces simples, per aplicacions estructurals, de les sèries L, LD, T, rodó, quadrat, rectangular o platina, acabat amb emprimació antioxidant. Treballat i muntat en taller, per a col·locar amb unions cargolades en obra. | D54: 1.81 | E54: kg
B55: Acer laminat en fred | C55: Acer UNE-EN 10162 S235JRC, en perfils conformats en fred, peces simples, per aplicacions estructurals, de les sèries omega, L, U, C o Z, acabat amb emprimació antioxidant. Treballat i muntat en taller, per a col·locar amb unions soldades en obra. | D55: 1.66 | E55: kg
B56: Àrid reciclat | C56: Àrid reciclat de formigó, de granulometria compresa entre 40 i 80 mm, subministrat mitjançant camió. | D56: 9.66 | E56: t
B57: Aigua | D57: 1.5 | E57: m3
B58: Grava 40/70 | C58: Grava de pedrera de pedra granítica, de 40 a 70 mm de diàmetre | D58: 22.39 | E58: m3
B59: Film impermeable de polietilè | C59: Film impermeable de polietilè de baixa densitat (LDPE) de 0,1 mm d'espessor i 100 g/m² de massa superficial, color negre. | D59: 0.57 | E59: m2
B60: Malla electrosoldada 20x20 Ø 5 | C60: Malla electrosoldada ME 20x20 Ø 5-5 B 500 T 6x2,20 UNE-EN 10080. | D60: 2.52 | E60: m2
B61: Formigó HA-25/F/20/XC2, fabricat en central | D61: 92.2 | E61: m3
B62: Morter de ciment | C62: Morter de ciment CEM II/B-P 32,5 N tipus M-5, confeccionat en obra con 250 kg/m³ de ciment i una proporció en volum 1/6. | D62: 115.3 | E62: m3
B63: Sorra 2mm | C63: Sorra natural, fina i seca, de 2 mm de grandària màxima, exempta de sals perjudicials, presentada en sacs. | D63: 0.35 | E63: kg
B64: Sorra rentada | C64: Sorra de 0.2 a 2 mm de gruix rentada sense partícules de fang ni argiles | D64: 42.55 | E64: m3
B65: Sauló | C65: Sorra granítica amb granulometria entre 0 i 7 mm. | D65: 40.63 | E65: m3
B66: Terra primavera | C66: Terra barrejada amb una proporció aproximada de 45% argila, 45% sauló i un 10% de matèria orgànica per facilitar la plantació de vegetació | D66: 22.5 | E66: m3
B67: Àrid ull de perdiu | C67: Àrid ull de perdiu, rentat, de grandària màxima 40 a 80 mm i cares arrodonides | D67: 36 | E67: m3
B68: Terra vegetal plantació | C68: Terra vegetal de jardineria de categoria mitja, amb una conductivitat elèctrica menor de 1,2 dS/m, segons NTJ 07A. | D68: 105.33 | E68: m3
B69: Peça prefabricada de formigó 60x30 | C69: Peces prefabricades de formigó abujardat, monocapa, per exteriors, 60x30x3 cm, color gris, classe resistent a flexió T, classe resistent segons la càrrega de ruptura 4, classe de desgast per abrasió H, segons UNE-EN 1339, amb resistència al lliscament Rd>45 segons UNE-EN 16165 i lliscabilitat classe 3 segons CTE. | D69: 18.35 | E69: m2
B70: Bloc buit de formigó | C70: Bloc buit de formigó, per revestir, color gris, 40x20x20 cm, categoria II, resistència normalitzada R10 (10 N/mm²), densitat 1150 kg/m³; amb el preu incrementat el 20% en concepte de peces especials: cèrcols i medis. Segons UNE-EN 771-3. | D70: 0.91 | E70: u
B71: Morter industrial per a paleteria | C71: Morter industrial per a obra de paleta, de ciment, color gris, categoria M-5 (resistència a compressió 5 N/mm²), subministrat a granel, segons UNE-EN 998-2. | D71: 50.2 | E71: t
B72: Ferralla en barres corrugades | C72: Ferralla elaborada en taller industrial amb acer en barres corrugades, UNE-EN 10080 B 500 S, de varis diàmetres. | D72: 1.6 | E72: kg
B73: Ciment en sacs | C73: Ciment Pòrtland CEM II/B-L 32,5 R, color gris, en sacs, segons UNE-EN 197-1. | D73: 0.1 | E73: kg
... B80: Porter electrònic | C80: Equip de porter electrònic, per a habitatge unifamiliar, compost per placa de carrer antivandàlica amb polsador de trucada, caixa d'encastar, font d'alimentació i telèfon amb botó de comandament per l'obreportes. | D80: 141.08 | E80: u
B81: Sensor de presència | D81: 24.22 | E81: u
B82: Aplic per a exterior | D82: 19.5 | E82: u
B83: Pintura intumescent | C83: Pintura intumescent para interior o exterior, Promapaint-SC4 "PROMAT", a base de copolímers acrílics a emulsió aquosa, color blanc; per a aplicar amb pistola d'alta pressió o amb brotxa. | D83: 10.24 | E83: kg
B84: Sorra rentada | C84: Sorra de 0.2 a 2 mm de gruix rentada sense partícules de fang ni argiles | D84: 51.06 | E84: m3
B85: Sauló | C85: Sorra granítica amb granulometria entre 0 i 7 mm. | D85: 40.63 | E85: m3
B86: Terra primavera | C86: Terra barrejada amb una proporció aproximada de 45% argila, 45% sauló i un 10% de matèria orgànica per facilitar la plantació de vegetació | D86: 22.5 | E86: m3
B87: Àrid ull de perdiu | C87: Àrid ull de perdiu, rentat, de grandària màxima 40 a 80 mm i cares arrodonides | D87: 72 | E87: m3
B88: Biorotllo de fibra de coco | C88: Rotllo de fibra de coco d'alta densitat compactada i estructurada en una xarxa de polipropilè. | D88: 124.3 | E88: ut
B89: Pedra gran | C89: Pedra triada arrodonida d'aproximadament 80cm de diàmetre i 200kg. | D89: 49 | E89: ut
B90: Pedra mitjana | C90: Pedra triada arrodonida d'aproximadament 30cm de diàmetre i 60kg. | D90: 20 | E90: ut
B91: Pedres irregulars | C91: Peces irregulars d'entre 20 a 40 cm de diàmetres i d'entre 3 i 4 cm d'espessor per a formació de camins | D91: 74.75 | E91: m2
B92: Tub PE 40 25mm | C92: Subministrament i instal.lació de tub de polietilè de designació PE 40, de 25 mm de diàmetre nominal, de 6 bar de pressió nominal, sèrie SDR 11, UNE-EN 12201-2, connectat a pressió, amb grau de dificultat mig, utilitzant accessoris de plàstic, i col·locat al fons de la rasa. Inclou excavació en terra d'argila semidura fins a 50cm de profunditat. Inclou reomplert amb graves. (no inlclou el subministrament de les graves) | D92: 18.35 | E92: m
B93: Arqueta | C93: Arqueta negra rectangualar de polipropilé amb tapa verda i cargol. L50,5 x An37 x Al30,5. | D93: 77.45 | E93: ut
B94: Tub corrugat | C94: Tub corrugat (túnel) de 80cm de diàmetre i 120cm de llargada | D94: 120 | E94: ut
B95: Tornilleria | D95: 20 | E95: kg
B96: Llistó de pi de flandes 22x96mm | C96: Llistó de 22x96 mm de secció, de fusta de pi de flandes, tractada en autoclau, amb classe d'ús 4. | D96: =2.43*1.15 -> 2.7945 | E96: m
B97: Llistó de pi de flandes 93x44mm | C97: Llistó per rastrells de 93x44 mm de secció, de fusta de pi de flandes, tractada en autoclau, amb classe d'ús 4. | D97: =4.52*1.15 -> 5.198 | E97: m
B98: Llistó de pi de flandes 40x40mm | C98: Llistó per rastrells de 40x40 mm de secció, de fusta de pi de flandes, tractada en autoclau, amb classe d'ús 4. | D98: =1.36*1.15 -> 1.564 | E98: m
B99: Llistó de pi de flandes 69x44mm | C99: Llistó per rastrells de 69x44 mm de secció, de fusta de pi de flandes, tractada en autoclau, amb classe d'ús 4. | D99: =3.54*1.15 -> 4.071 | E99: m
B100: Llistó de pi de flandes 69x69mm | C100: Llistó de 69x69 mm de secció, de fusta de pi de flandes, tractada en autoclau, amb classe d'ús 4. | D100: 5.02 | E100: m
B101: Travesses de pi tractades per exterior | C101: Travesses de pi de flandes tractades per exterior a autoclau | D101: =11.2*1.15 -> 12.88 | E101: m
B102: Panell carrosser | C102: Panell carrosser fenòlic (WBP) de contraxapat de fusta de bedoll d'alta qualitat. | D102: 45.79 | E102: m2
B103: Tobogan H90 rotomoldeo | C103: Tobogan de polimer, moldejat segons rotomoldeo, d'alçada 90cm i amplària 66cm. Color taronja RAL 2010, 100% reciclat | D103: =433.29*1.15 -> 498.2835 | E103: ut
B104: Troncs acàcia | C104: Troncs d'acàcia polits i amb tractament oli per a exterior d'entre 14 i 24cm de diàmetre, col·locats horitzontal i verticalment sobre el terreny per a formació de perímetres i elements de joc. | D104: =28*1.3 -> 36.4 | E104: m
B105: Rampa de fusta de cedre | C105: Rampa de fusta de cedre de 120x40cm i 5cm de gruix. | D105: =95*1.3 -> 123.5 | E105: ut
B106: Font de tronc | C106: Font feta amb tronc de fusta d'acàcia de 115cm d'alçada amb aixeta. | D106: =405*1.3 -> 526.5 | E106: ut
B107: Circuit d'aigua | C107: Circuit d'aigua per a exterior format per un conjunt de canals fetes amb troncs de fusta d'acàcia i dues plataformes de panell fenòlic de carrosser. | D107: =1015*1.25 -> 1268.75 | E107: ut
B108: Tipi | C108: Cabana de fusta de lames de pi tractat per a exterior amb forma de tipi de sis costats. | D108: =1399*1.49 -> 2084.51 | E108: ut
B109: Cabana ocell | C109: Cabana de fusta d'càcia en forma de niu d'ocell. | D109: =1125*1.88 -> 2115 | E109: ut
B110: Estructura de troncs amb corda | C110: Subministrament i instal·lació d'estructura de 4 troncs d'acàcia amb xarxa de corda. | D110: 560 | E110: ut
B111: Cabana 2 aigues | C111: Cabana de fusta amb teulada a dues aigúes de lames de pi tractat per a exterior. | D111: 967.15 | E111: ut
B112: Banc mig tronc | C112: Banc de troncs d'acàcia amb base de mig tronc de diàmetre entre 25 i 30cm. | D112: =126*1.3 -> 163.8 | E112: ut
B113: Pont mòbil | C113: Estructura de fusta amb una plataforma mòbil amb baranes de fusta i cordes. | D113: 527.08 | E113: ut
B114: Pintura esmalt per exterior | C114: Esmalt sintètic d'assecat ràpid, per a exterior, color blanc, acabat brillant, a base de resines alquídiques, pigments orgànics, pigments inorgànics, pigments antioxidants i dissolvent formulat a base d'una mescla d'hidrocarburs, per aplicar amb brotxa, corró o pistola sobre superfícies metàl·liques. | D114: 13.28 | E114: l
B116: Vegetació
B117: Arbre 18-20 | C117: Arbre planifoli amb pa de terra o contenidor, de 18 a 20 cm de perímetre de tronc a 1,5 m d'alçària (a partir del coll de l'arrel) | D117: 380 | E117: ut
B118: Enfiladisses | C118: Enfiladissa en contenidor de 3 a 5l | D118: 29 | E118: ut
B119: Arbust petit | C119: Arbust o arbre de petit format en contenidor d'1,5 a 3 l | D119: 7.95 | E119: ut
B120: Arbust mitjà | C120: Arbust o arbre de petit format en contenidor de 3 a 5 l | D120: 17.85 | E120: ut

Sheet RESUM PARTIDES
B1: =PORTADA_PTO!A17 -> VALORACIÓ ECONÒMICA
B2: =PORTADA_PTO!A18 -> TRANSFORMACIÓ DELS ESPAIS EXTERIORS DE L’ESCOLA BRESSOL MUNICIPAL DE ROCAFONDA
B3: =PORTADA_PTO!E14 -> MATARÓ
I4: =PORTADA_PTO!E10 -> Barcelona, 13 maig dimecres
B6: RESUM PER CAPÍTOLS
B7: QUADRE DE PREUS 1
B8: =PATI!B6 -> PATI | I8: =SUM(I9:I13) -> 90154.992
B9: RESUM PER ZONES
D11: =PATI!B10 -> 1. FEINES PRÈVIES | I11: =PATI!I10 -> 9663.4243
D12: =PATI!B67 -> 2. PATI | I12: =PATI!I67 -> 70919.951
D13: =PATI!B296 -> 3. VEGETACIÓ I REG | I13: =PATI!I296 -> 9571.6169
B15: =ACCÉS!B7 -> ACCÉS | I15: =ACCÉS!I7 -> 19806.735
B16: RESUM PER ZONES
D18: =ACCÉS!B11 -> 1. ACCÉS | I18: =ACCÉS!I11 -> 19806.735
B20: =UMBRACLE!B7 -> UMBRACLE | I20: =UMBRACLE!I7 -> 27330.302
B21: RESUM PER ZONES
D23: =UMBRACLE!B11 -> 1. UMBRACLES | I23: =UMBRACLE!I11 -> 27330.302
B25: TOTAL PEM | I25: =SUM(+I15+I8+I20) -> 137292.03
B27: CONTROL DE QUALITAT I SEGURETAT I SALUT | I27: =SUM(I28:I29) -> 5491.6812
D28: Control de Qualitat i Homologació segons normativa vigent | I28: =I25*0.02 -> 2745.8406
D29: Seguretat i Salut | I29: =I25*0.02 -> 2745.8406
B31: TOTAL PARCIAL | I31: =SUM(I25,I27) -> 142783.71
B34: SUMA DESPESES GENERALS I BENEFICI INDUSTRIAL | I34: =SUM(I35:I36) -> 27128.905
D35: 13,00% Despeses Generals | I35: =I31*0.13 -> 18561.882
D36: 6,00% Benefici Industrial | I36: =I31*0.06 -> 8567.0227
B38: TOTAL PARCIAL | I38: =I31+I34 -> 169912.62
B41: IMPOSTOS | I41: =SUM(I42) -> 35681.649
D42: 21% I.V.A. | E42: =I15=ACCÉS!I7 -> TRUE | I42: =I38*0.21 -> 35681.649
B44: TOTAL PEC (TOTAL PRESSUPOST PER CONEIXEMENT DE L'ADMINISTRACIÓ) | I44: =I38+I41 -> 205594.27
